 Dungeon Crawl Stone Soup version 0.31-a0-1412-g7b7c7d10e1 (webtiles) character file.

Game seed: 3952636900774845364

1655004 Jannitor the Slayer (level 27, 201/319 (321) HPs)
             Began as an Oni Delver on Dec 24, 2023.
             Was a Favourite Plaything of Xom.
             Escaped with the Orb
             ... and 3 runes on Dec 26, 2023!
             The game lasted 02:30:16 (71775 turns).

Jannitor the Slayer (Oni Delver)                   Turns: 71775, Time: 02:30:17

HP:   201/319 (321) AC: 35    Str: 29    XL:     27
MP:   25/25         EV: 15    Int:  9    God:    Xom [...*..]
Gold: 6735          SH:  0    Dex: 25    Spells: 26/26 levels left

rFire   + + .        Z - +7 giant spiked club (spect)
rCold   + + +        (shield currently unavailable)
rNeg    + . .        v - +9 scales of the Dragon King {rPois rF+ rC+ Will+}
rPois   +            c - -2 hat of the Alchemist {rElec rPois rF+ rC+ rN+ Will+ rMut rCorr}
rElec   +            l - scarf "Xuije" {+Inv, rC+++ MP+9 Str-3 Dex+3}
rCorr   +            (gloves unavailable)
SInv    +            (boots unavailable)
Will    ++++.        S - amulet "Taakyb" {Acrobat +Inv rCorr} Stlth
                     K - ring of see invisible
HPRegen 0.73/turn    d - ring of Liberty {^Drain rElec rPois rCorr Dex+2}
MPRegen 0.19/turn

%: acrobat, resist mutation
@: hasted, studying Alchemy, lightly drained, very quick
A: large, unfitting armour, horns 1, tough skin 1, double potion healing,
drunken brawling, iridescent scales 1, thin skeletal structure 1, agile 2, low
MP 3, mutation resistance 1, electricity resistance, persistent drain
0: Orb of Zot
}: 3/15 runes: serpentine, barnacled, silver
a: Renounce Religion, Evoke Invisibility


You escaped.
You worshipped Xom.
You were a favourite toy of Xom.
You visited 10 branches of the dungeon, and saw 48 of its levels.
You visited the Abyss 1 time.
You visited 2 bazaars.
You also visited: Trove, Bailey, Gauntlet, Ice Cave and Volcano.

You collected 10596 gold pieces.
You spent 3861 gold pieces at shops.

Inventory:

Hand Weapons
 Z - a +7 spectral giant spiked club (weapon)
Missiles
 o - 14 curare-tipped darts
 p - 5 throwing nets
 X - 74 large rocks (quivered)
Armour
 c - the -2 hat of the Alchemist (worn) {rElec rPois rF+ rC+ rN+ Will+ rMut rCorr}
   (You found it in a treasure trove)

   rF+:       It protects you from fire.
   rC+:       It protects you from cold.
   rElec:     It insulates you from electricity.
   rPois:     It protects you from poison rN+: It protects you from negative
   energy.
   Will+:     It increases your willpower.
   rCorr:     It protects you from acid and corrosion.
   rMut:      It protects you from mutation.
 l - the scarf "Xuije" (worn) {+Inv, rC+++ MP+9 Str-3 Dex+3}
   (Xom gifted it to you on level 5 of the Vaults)

   Str-3:     It affects your strength (-3).
   Dex+3:     It affects your dexterity (+3).
   rC+++:     It renders you almost immune to cold.
   MP+9:      It affects your magic capacity (+9).
 v - the +9 scales of the Dragon King (worn) {rPois rF+ rC+ Will+}
   (You found it in a bailey)

   rF+:       It protects you from fire.
   rC+:       It protects you from cold.
   rPois:     It protects you from poison Will+: It increases your willpower.
 W - the +0 cloak of Hangman {rF+ rC+}
   (You found it in a treasure trove)

   rF+:       It protects you from fire.
   rC+:       It protects you from cold.
Jewellery
 d - the ring of Liberty (right hand) {^Drain rElec rPois rCorr Dex+2}
   (You took it off a deep elf death mage on level 5 of the Vaults)

   [ring of poison resistance]

   Dex+2:     It affects your dexterity (+2).
   rElec:     It insulates you from electricity.
   rPois:     It protects you from poison rCorr: It protects you from acid and
   corrosion.
   ^Drain:    It drains your maximum health when unequipped.
 e - the ring of Woikaudi {rElec rF+ Int+2}
   (You took it off a deep elf high priest on level 3 of the Elven Halls)

   [ring of protection from fire]

   Int+2:     It affects your intelligence (+2).
   rF+:       It protects you from fire.
   rElec:     It insulates you from electricity.
 h - the ring of Uwkig {Wiz Will+ Str+3}
   (You bought it in a shop in a bazaar)

   [ring of wizardry]

   Wiz:       It improves your spell success rate.
   Str+3:     It affects your strength (+3).
   Will+:     It increases your willpower.
 K - a ring of see invisible (left hand)
 N - a ring of flight
 S - the amulet "Taakyb" (around neck) {Acrobat +Inv rCorr}
   (Xom gifted it to you on level 2 of the Lair of Beasts)

   [amulet of the acrobat]

   Acrobat:   It increases your evasion while moving and waiting.
   +Inv:      It lets you turn invisible.
   rCorr:     It protects you from acid and corrosion.
 V - a ring of resist corrosion
Wands
 a - a wand of acid (22)
 g - a wand of digging (11)
 s - a wand of iceblast (46)
 w - a wand of flame (86)
 E - a wand of mindburst (3)
 F - a wand of polymorph (66)
 H - a wand of charming (36)
Scrolls
 b - 23 scrolls of identify
 u - 3 scrolls of teleportation
 y - 2 scrolls of revelation
 G - 7 scrolls of enchant armour
 I - a scroll of fog
 J - a scroll of blinking
 P - 10 scrolls of vulnerability
 Q - 11 scrolls of immolation
 R - a scroll of butterflies
 T - 2 scrolls of silence
 U - 5 scrolls of fear
Potions
 i - 9 potions of mutation
 j - 5 potions of curing
 k - 2 potions of resistance
 m - 2 potions of brilliance
 q - 7 potions of enlightenment
 r - 4 potions of berserk rage
 t - 7 potions of invisibility
 x - 5 potions of magic
 B - 5 potions of might
 C - 3 potions of cancellation
 D - 2 potions of haste
 L - 2 potions of attraction
 M - a potion of ambrosia
 O - 3 potions of lignification
Miscellaneous
 f - a phantom mirror (inert)
 n - a phial of floods
 z - a lightning rod (4/4)
 A - a sack of spiders
 Y - a tin of tremorstones (2/2)


   Skills:
 + Level 26.7 Fighting
 - Level 22.0 Maces & Flails
 * Level 17.4 Throwing
 + Level 24.8 Armour
 + Level 14.8 Dodging
 - Level 4.9 Stealth
 + Level 16.2 Evocations


You had 26 spell levels left.
You didn't know any spells.
Your spell library contained the following spells:

 Spells                   Type           Power      Damage    Failure   Level
 Foxfire                  Conj/Fire      0%         2x1d4     95%         1
 Freeze                   Ice            0%         1d3       95%         1
 Kiss of Death            Conj/Necr      0%         2d5       95%         1
 Necrotise                Necr           0%         1d4       95%         1
 Sandblast                Erth           0%         2d4       95%         1
 Shock                    Conj/Air       0%         1d3       95%         1
 Slow                     Hex            0%         N/A       95%         1
 Cigotuvi's Dreadful Rot  Necr/Alch/Air  0%         N/A       99%         2
 Ensorcelled Hibernation  Hex/Ice        0%         N/A       99%         2
 Jinxbite                 Hex            0%         N/A       99%         2
 Lesser Beckoning         Tloc           0%         N/A       99%         2
 Mercury Vapours          Alch/Air       0%         N/A       99%         2
 Passwall                 Alch/Erth      0%         N/A       99%         2
 Call Canine Familiar     Summ           0%         N/A       100%        3
 Confusing Touch          Hex            0%         N/A       100%        3
 Dazzling Flash           Conj/Hex       0%         N/A       100%        3
 Frozen Ramparts          Ice            0%         1d1       100%        3
 Gell's Gravitas          Tloc           0%         N/A       100%        3
 Hailstorm                Conj/Ice       0%         3d5       100%        3
 Inner Flame              Hex/Fire       0%         N/A       100%        3
 Mephitic Cloud           Conj/Alch/Air  0%         N/A       100%        3
 Sigil of Binding         Hex            0%         N/A       100%        3
 Stone Arrow              Conj/Erth      0%         3d7       100%        3
 Swiftness                Air            0%         N/A       100%        3
 Teleport Other           Tloc           0%         N/A       100%        3
 Tukima's Dance           Hex            0%         N/A       100%        3
 Vampiric Draining        Necr           0%         2d6       100%        3
 Airstrike                Air            0%         2d(0-16)  100%        4
 Animate Armour           Summ/Erth      0%         N/A       100%        4
 Animate Dead             Necr           0%         N/A       100%        4
 Brom's Barrelling Bould  Conj/Erth      0%         2d3       100%        4
 Cause Fear               Hex            0%         N/A       100%        4
 Dimensional Bullseye     Hex/Tloc       0%         N/A       100%        4
 Dispel Undead            Necr           0%         3d6       100%        4
 Flame Wave               Conj/Fire      0%         2d4       100%        4
 Fulminant Prism          Conj/Alch      0%         3d5       100%        4
 Ignite Poison            Fire/Alch      0%         N/A       100%        4
 Leda's Liquefaction      Alch/Erth      0%         N/A       100%        4
 Passage of Golubria      Tloc           0%         N/A       100%        4
 Petrify                  Alch/Erth      0%         N/A       100%        4
 Summon Ice Beast         Ice/Summ       0%         N/A       100%        4
 Summon Lightning Spire   Summ/Air       0%         N/A       100%        4
 Agony                    Necr           0%         N/A       100%        5
 Borgnjor's Vile Clutch   Necr/Erth      0%         N/A       100%        5
 Fireball                 Conj/Fire      0%         3d3       100%        5
 Freezing Cloud           Conj/Ice/Air   0%         6-21      100%        5
 Irradiate                Conj/Alch      0%         3d11      100%        5
 Iskenderun's Battlesphe  Conj           0%         2d6       100%        5
 Lee's Rapid Deconstruct  Erth           0%         3d4*      100%        5
 Silence                  Hex/Air        0%         N/A       100%        5
 Summon Forest            Summ/Tloc      0%         N/A       100%        5
 Summon Mana Viper        Hex/Summ       0%         N/A       100%        5
 Yara's Violent Unravell  Hex/Alch       0%         3d3       100%        5
 Bombard                  Conj/Erth      0%         9d1       100%        6
 Conjure Ball Lightning   Conj/Air       0%         3x3d6     100%        6
 Death Channel            Necr           0%         N/A       100%        6
 Dispersal                Tloc           0%         N/A       100%        6
 Eringya's Noxious Bog    Alch           0%         4d6       100%        6
 Plasma Beam              Fire/Air       0%         2x1d10    100%        6
 Simulacrum               Ice/Necr       0%         N/A       100%        6
 Starburst                Conj/Fire      0%         6d3       100%        6
 Summon Cactus Giant      Summ           0%         N/A       100%        6
 Enfeeble                 Hex            0%         N/A       100%        7
 Haunt                    Necr/Summ      0%         N/A       100%        7
 Orb of Destruction       Conj           0%         9d5       100%        7
 Ozocubu's Refrigeration  Ice            0%         4d7       100%        7
 Summon Hydra             Summ           0%         N/A       100%        7
 Discord                  Hex            0%         N/A       100%        8
 Disjunction              Tloc           0%         N/A       100%        8
 Ignition                 Fire           0%         3d3       100%        8
 Infestation              Necr           0%         N/A       100%        8
 Lehudib's Crystal Spear  Conj/Erth      0%         10d2      100%        8
 Polar Vortex             Ice            0%         N/A       100%        9


Dungeon Overview and Level Annotations

Branches:
Dungeon (15/15)            Temple (1/1) D:7            Lair (5/5) D:11
 Shoals (4/4) Lair:2        Snake (4/4) Lair:2        Slime (0/5) Lair:5
    Orc (2/2) D:12            Elf (3/3) Orc:2        Vaults (5/5) D:13
  Crypt (0/3) Vaults:2     Depths (4/4) D:15            Zot (5/5) Depths:4
 Bailey (visited)           IceCv (visited)         Volcano (visited)
Gauntlet (visited)

Altars:
Ashenzari
Cheibriados
Dithmenos
Elyvilon
Fedhas
Gozag
Hepliaklqana
Kikubaaqudgha
Makhleb
Nemelex Xobeh
Okawaru
Qazlal
Ru
Sif Muna
Trog
Uskayaw
Vehumet
Wu Jian
Xom
Yredelemnul
Zin
The Shining One
Jiyva
Lugonu

Shops:
Orc:2 ?*[?   Elf:1 *   Elf:3 (([   Vaults:3 =   Vaults:4 (   Depths:3 ?!?[*:

Portals:
Hell: Depths:1 Depths:2 Depths:3 Depths:4
Abyss: Depths:1 Depths:3
Pandemonium: Depths:1 Depths:2
Ziggurat: Depths:3

Annotations:
D:9 Gastronok
D:10 3 runed translucent doors, exclusion: obsidian statue, Bizboz's ghost, journeyman DjAl
Elf:2 3 runed translucent doors
Vaults:4 2 transporters, Wueresid's ghost, adept DEHW


Innate Abilities, Weirdness & Mutations

You are too large for most types of armour.
You have a pair of small horns on your head.
You have tough skin. (AC +1)
You gain doubled healing and magic from potions.
Whenever you drink a healing potion, you attack all around you.
You are partially covered in iridescent scales. (AC +2)
You have a somewhat thin skeletal structure. (Dex +2, Stealth+)
You are very agile. (Dex +8, Str/Int -2)
Your magical capacity is extremely low. (-30% MP)
You are somewhat resistant to further mutation.
You are resistant to electric shocks. (rElec)
Your health recovers twice as slowly from being drained.


Message History

The tormentor is almost dead.
Your +7 spectral giant spiked club hits the tormentor!!
You kill the tormentor!
Your +7 spectral giant spiked club disappears.
You are now a favourite toy of Xom.
There is a stone staircase leading up here.
You are confused.
You savour every drop.
You feel invigorated.
Unknown command.
You start resting.
You feel less invigorated.
You feel less confused.
You climb upwards.
There is a stone staircase leading down here.
A rust devil comes into view.
There is a stone staircase leading up here.
You climb upwards.
There is a stone staircase leading down here.
A Brimstone Fiend comes into view.
You feel yourself speed up.
Throw: 77 large rocks
Press: ? - help, Q - select action, (/) - cycle Shift-Dir - straight line, f - Brimstone Fiend
Aim: a Brimstone Fiend (85% to hit)
You throw a large rock.
The large rock hits the Brimstone Fiend!!!
The Brimstone Fiend is severely wounded.
Throw: 76 large rocks
Press: ? - help, Q - select action, (/) - cycle Shift-Dir - straight line, f/p - Brimstone Fiend
Aim: a Brimstone Fiend (severely wounded, 85% to hit)
You throw a large rock.
The large rock hits the Brimstone Fiend and shatters, but does no damage.
The Brimstone Fiend is severely wounded.
Throw: 75 large rocks
Press: ? - help, Q - select action, (/) - cycle Shift-Dir - straight line, f/p - Brimstone Fiend
Aim: a Brimstone Fiend (severely wounded, 85% to hit)
You throw a large rock.
The large rock hits the Brimstone Fiend!!!!
You kill the Brimstone Fiend!
There is a staircase leading out of the dungeon here.
You have escaped!

.......####.#.#...#.####.........
###...........#♣.♣#.####.##......
#.....†...###♣.♣#.##[..##......
#...........#♣.♣#.##...##......
#......#....#♣.♣#.##...###.....
##......#....#♣.♣#....).###.....
##.......#..).#♣.♣#..............
#..(.....#....#♣.♣#.##...###.....
.........#....#♣@♣#.##...........
...######.....#♣.♣#.########..)..
..............#♣.♣#.# ##....
.######.^.....#♣.♣#.# ##... ##
#.#.....#♣.♣#.# #### #
#...#####♣.♣###### # # ##.###
#.#♣.♣#....# ###### # #..#
#.#♣.♣#....#####.....
#############.#...#....##........


There were no monsters in sight!

Vanquished Creatures
  Frederick (Depths:4)
  4 dread liches
  4 ancient liches
  4 orbs of fire (Zot:5)
  2 juggernauts
  Mara (Depths:1)
  Sojobo (Depths:1)
  Boris (thrice) (Vaults:3 Depths:3 Depths:4)
  3 Killer Klowns (Zot:5)
  Saint Roka (Snake:4)
  2 curse toes
  5 golden dragons
  A caustic shrike (Depths:3)
  Nikola (Shoals:1)
  Jory (Vaults:5)
  A profane servitor (Depths:1)
  the Enchantress (Depths:1)
  A bone dragon (Depths:4)
  A Tzitzimitl (Zot:5)
  A Brimstone Fiend (D:1)
  26 Orb Guardians
  10 tentacled monstrosities
  4 electric golems
  Mlioglotl (Snake:4)
  The ghost of YordlordTheGreat the Worldbinder, an adept MfSu of Sif Muna (Vaults:1)
  2 walking crystal tomes (Depths:3)
  A walking divine tome (Depths:3)
  2 liches
  6 titans
  A walking earthen tome (Depths:3)
  2 deep elf blademasters (Elf:3)
  7 sphinxes
  3 deep elf master archers (Elf:3)
  4 quicksilver dragons
  A kraken (Shoals:3)
  An eldritch tentacle (Depths:3)
  A tentacled starspawn (Abyss:4)
  4 Executioners
  7 death cobs
  An ancient champion (Depths:2)
  Aizul (Shoals:2)
  18 storm dragons
  6 shadow dragons
  An azure jelly (Vaults:5)
  Ilsuiw (Shoals:2)
  9 tengu reavers
  Roxanne (Snake:2)
  5 protean progenitors
  A daeva (Depths:3)
  A nagaraja (Snake:4)
  11 draconian scorchers
  An iron dragon (Depths:3)
  7 draconian shifters
  18 vault wardens
  8 frost giants
  4 deep elf elementalists (Elf:3)
  7 draconian monks
  9 draconian knights
  A balrug (Abyss:4)
  An angel (Depths:3)
  Louise (Depths:1)
  4 fire giants
  5 deep elf sorcerers
  6 ghost moths
  2 cacodemons
  6 draconian stormcallers
  An orc warlord (Orc:1)
  12 very ugly things
  6 draconian annihilators
  8 spriggan defenders
  8 stone giants
  A formless jellyfish (shapeshifter) (Zot:5)
  3 formless jellyfish
  16 ironbound preservers
  2 quicksilver oozes (Zot:2)
  6 ironbound thunderhulks
  14 green draconians
  5 deep elf demonologists
  A starflower (Abyss:4)
  6 vampire knights
  A demonspawn black sun (Zot:4)
  8 dire elephants (Vaults:4)
  18 red draconians
  An eleionoma (Vaults:5)
  A minotaur (Gauntlet)
  12 black draconians
  9 deep elf annihilators
  A lorocyproca (Zot:4)
  17 white draconians
  9 deep elf death magi
  6 war gargoyles
  12 purple draconians
  16 yellow draconians
  9 spark wasps
  2 pearl dragon zombies (Depths:1)
  4 ettins
  A green death (Zot:5)
  Snorg (Lair:1)
  An eidolon (Depths:2)
  A blizzard demon (D:15)
  2 crystal guardians
  6 merfolk javelineers
  14 merfolk impalers
  14 yaktaur captains
  7 fire dragons
  12 deep elf high priests
  2 jiangshi (Depths:2)
  4 spriggan zombies (Depths:2)
  9 great orbs of eyes
  Harold (D:11)
  9 ice dragons
  A hell beast (Depths:2)
  40 vault guards
  5 hydras
  7 salamander tyrants
  7 spriggan air magi
  3 catoblepae
  3 peacekeepers
  An alligator snapping turtle (Shoals:4)
  11 merfolk aquamancers
  A death knight (Depths:1)
  An anaconda (shapeshifter) (Vaults:3)
  8 centaur warriors
  8 ironbound frosthearts
  4 ogre magi
  6 boulder beetles
  3 satyrs
  14 dancing weapons
  11 anacondas
  4 merfolk avatars
  12 two-headed ogres
  8 deep troll shamans
  8 hell hogs
  8 naga warriors
  2 tengu warriors
  7 vampire magi
  A titan zombie (Vaults:4)
  21 death yaks
  An occultist (Elf:1)
  10 deep troll earth magi
  2 soul eaters
  7 spriggan berserkers
  7 naga sharpshooters
  4 shock serpents
  10 deep elf knights
  A shock serpent (shapeshifter) (Vaults:5)
  2 sun demons
  A hell knight (Depths:3)
  5 iron trolls
  2 wretched stars (Abyss:4)
  Amaemon (Lair:3)
  10 skeletal warriors
  A skyshark (Shoals:2)
  4 salamander mystics
  2 sixfirhies
  10 sea snakes
  59 deep trolls
  3 spark wasp zombies (Depths:2)
  2 spatial maelstroms (Abyss:4)
  9 flayed ghosts
  A shadow demon (Depths:1)
  Lodul (D:11)
  A glowing orange brain (shapeshifter) (Vaults:5)
  3 swamp dragons (Zot:3)
  A deep troll (shapeshifter) (Vaults:5)
  A quicksilver dragon simulacrum (Depths:2)
  2 shadow dragon zombies
  2 glowing orange brains
  A tengu zombie (Vaults:4)
  3 obsidian statues
  4 naga ritualists
  9 deep elf archers
  13 ironbound convokers
  7 arcanists
  7 large abominations
  5 phantasmal warriors
  21 deep elf zephyrmancers
  An orange crystal statue (Gauntlet)
  3 necromancers
  7 mana vipers
  3 orc knights
  11 lindwurms
  A shining eye (Lair:5)
  An anaconda skeleton (Volcano)
  19 deep elf pyromancers
  9 harpies
  23 salamanders
  17 manticores
  18 ugly things
  4 orc sorcerers
  11 fauns
  12 cyclopes
  An alligator skeleton (Volcano)
  34 moths of wrath
  4 apis skeletons (Depths:1)
  An eye of devastation (Abyss:4)
  An ice statue (IceCv)
  5 guardian serpents
  8 naga magi
  27 black mambas
  3 kobold blastminers (Orc:1)
  4 elephants (Lair:5)
  16 merfolk sirens
  4 orange demons
  A fire giant skeleton (Depths:2)
  10 water nymphs
  6 cane toads
  2 smoke demons
  14 vault sentinels
  A black mamba (shapeshifter) (Elf:2)
  7 gargoyles
  Maggie (D:6)
  An unseen horror (D:12)
  A kobold demonologist (D:7)
  12 rime drakes
  4 komodo dragons
  A tormentor (D:3)
  40 yaktaurs
  2 tengu conjurers
  A hellion (Depths:1)
  3 ancient zymes (Abyss:4)
  3 red devils (D:14)
  2 freezing wraiths
  12 trolls
  An ice devil (D:14)
  7 polar bears
  2 queen bees
  3 hellwings
  47 merfolk
  A troll (shapeshifter) (Elf:3)
  8 hornets
  A tyrant leech (Abyss:4)
  2 harpy skeletons (Volcano)
  7 dream sheep
  2 glass eyes
  A dream sheep (shapeshifter) (Depths:3)
  5 wind drakes
  A raiju (Abyss:4)
  10 snapping turtles
  2 air elementals
  10 slime creatures
  3 shadows (D:11)
  8 spriggans
  4 jumping spiders
  2 vampires
  23 water elementals
  2 fire elementals
  A wraith (D:14)
  A yak (shapeshifter) (Vaults:4)
  63 yaks
  2 wargs (Snake:4)
  A basilisk (shapeshifter) (D:13)
  5 wyverns
  3 fire bats (Depths:2)
  4 steam dragons
  A golden eye (Abyss:4)
  4 basilisks
  3 redbacks (shapeshifter)
  A chaos spawn (D:14)
  A swamp worm (shapeshifter) (Vaults:5)
  A small abomination (Abyss:4)
  28 nagas
  A spatial vortex (Abyss:4)
  2 acid dragons
  14 water moccasins
  17 orc warriors
  3 laughing skulls
  7 ice beasts
  35 ogres
  18 centaurs
  A tengu (shapeshifter) (Elf:3)
  24 wolves
  2 boggarts
  2 kobold brigands
  13 bullfrogs
  3 weeping skulls
  2 gnoll sergeants (D:7)
  6 scorpions
  A glowing shapeshifter simulacrum (Depths:2)
  23 wights
  8 earth elementals
  4 killer bees (D:8)
  5 spriggan skeletons
  2 troll skeletons (Volcano)
  10 vampire bats (Bailey)
  3 wolf zombies (Bailey)
  3 electric eels
  7 howler monkeys
  A lava snake (Lair:4)
  4 hounds
  2 quasits (D:14)
  A gnoll bouda (D:7)
  14 orc priests
  2 iron imps (D:14)
  3 jellies
  A sleepcap (D:5)
  22 orc wizards
  2 iguanas
  A naga skeleton (Volcano)
  25 gnolls
  12 adders
  3 shadow imps
  3 white imps
  3 ufetubi
  A worm (D:3)
  2 dart slugs
  44 orcs
  6 ball pythons
  2 bats
  4 endoplasms
  7 giant cockroaches
  11 goblins
  10 hobgoblins
  4 jackals (D:1)
  8 quokkas
  4 frilled lizards
  13 kobolds
  16 orc zombies (Bailey)
  8 rats
  2 aspiring fleshes (Zot:3)
  4 starspawn tentacles (Abyss:4)
  5 tentacles (Shoals:3)
2107 creatures vanquished.

Vanquished Creatures (collateral kills)
  A tentacled monstrosity (Zot:3)
  Rupert (Lair:5)
  A lich (Depths:3)
  A death cob (Zot:3)
  A storm dragon (Depths:3)
  2 deep elf sorcerers (Elf:3)
  A draconian scorcher (Zot:3)
  An ironbound thunderhulk (Vaults:2)
  A deep elf death mage (Elf:3)
  A red draconian (Zot:3)
  A vault guard (Vaults:4)
  A catoblepas (Lair:1)
  An occultist (Depths:1)
  A deep elf zephyrmancer (Elf:1)
  A vault sentinel (Vaults:1)
  A cane toad (Lair:1)
  A yaktaur (Vaults:1)
  An efreet (D:14)
  A troll (Orc:2)
  A polar bear (IceCv)
  2 merfolk
  A yak (Lair:4)
  4 orc warriors
  4 ogres
  A bullfrog (Lair:1)
  4 orc wizards
  6 orcs
43 creatures vanquished.

Vanquished Creatures (others)
  An ancient lich (Zot:5)
  An eldritch tentacle (Vaults:1)
  A draconian shifter (Zot:2)
  A stone giant (Depths:1)
  A very ugly thing (Vaults:5)
  A black draconian (Zot:1)
  A salamander tyrant (Snake:4)
  3 vault guards (Vaults:5)
  4 dancing weapons
  A deep troll earth mage (Depths:3)
  A sea snake (Shoals:4)
  2 large abominations (D:14)
  A water elemental (Elf:2)
  An orc priest (Vaults:5)
  3 orcs
  45 spectral weapons
  2 starspawn tentacles (Abyss:4)
  3 tentacles (Shoals:3)
73 creatures vanquished.

Grand Total: 2223 creatures vanquished

Notes
Turn   | Place    | Note
-------+----------+-------------------------------------------
     0 | D:5      | Jannitor the Oni Delver began the quest for the Orb.
     0 | D:5      | Reached XP level 1. HP: 24/24 MP: 1/1
    15 | D:5      | Noticed an orc wizard
    24 | D:4      | Noticed a wight
   133 | D:3      | Noticed a scorpion
   135 | D:3      | Identified the +8 flail of Rotation {freeze, *Slow rElec
                  | Str+5}
   145 | D:3      | Killed a scorpion
   146 | D:3      | Reached XP level 2. HP: 6/33 MP: 2/2
   146 | D:3      | Reached XP level 3. HP: 7/40 MP: 3/3
   146 | D:3      | Reached XP level 4. HP: 8/49 MP: 4/4
   558 | D:2      | Identified the +2 helmet of the Blushing Gods {Dex+2}
   565 | D:2      | Reached skill level 5 in Fighting
   570 | D:2      | Reached XP level 5. HP: 35/57 MP: 5/5
   805 | D:1      | Gained mutation: You are partially covered in iridescent
                  | scales. (AC +2) [potion of mutation]
   805 | D:1      | Gained mutation: You are mostly covered in iridescent
                  | scales. (AC +4) [potion of mutation]
   805 | D:1      | Gained mutation: You passively map a small area around you.
                  | [potion of mutation]
  1464 | D:2      | Reached XP level 6. HP: 66/66 MP: 6/6
  2343 | D:4      | Reached skill level 6 in Fighting
  2343 | D:4      | Reached XP level 7. HP: 58/75 MP: 7/7
  3504 | D:4      | Reached skill level 1 in Evocations
  3523 | D:4      | Reached skill level 7 in Fighting
  3523 | D:4      | Reached XP level 8. HP: 81/87 MP: 8/8
  3736 | D:6      | Found an ancient bone altar of Kikubaaqudgha.
  3748 | D:6      | Found a snail-covered altar of Cheibriados.
  3823 | D:6      | Reached skill level 5 in Maces & Flails
  4209 | D:6      | Reached skill level 5 in Dodging
  4211 | D:6      | Reached skill level 8 in Fighting
  4479 | D:6      | Noticed Maggie
  4489 | D:6      | Killed Maggie
  4490 | D:6      | Reached XP level 9. HP: 75/97 MP: 9/9
  4989 | D:7      | Found a staircase to the Ecumenical Temple.
  5013 | D:7      | Reached skill level 1 in Armour
  5223 | Temple   | Entered the Ecumenical Temple
  5244 | Temple   | Became a worshipper of Xom of Chaos
  5343 | D:7      | Reached skill level 9 in Fighting
  5439 | D:7      | XOM: silly message
  5513 | D:7      | XOM: potion effect (haste)
  5569 | D:7      | XOM: potion effect (heal wounds)
  5578 | D:7      | XOM: cast spell 'Summon Ice Beast'
  5585 | D:7      | Reached XP level 10. HP: 83/107 MP: 10/10
  5624 | D:7      | XOM is BORED!
  5624 | D:7      | XOM: silly message
  5679 | D:7      | Identified the +0 robe of Asceticism {rC++ Str+3 Archmagi}
  5698 | D:7      | XOM: silly message
  5727 | D:7      | Upgraded the game from 0.31-a0-1376-g36f0627844 to
                  | 0.31-a0-1395-g7c67ea8c80
  5728 | D:7      | Noticed a kobold demonologist
  5733 | D:7      | XOM: divination: detect creatures
  5737 | D:7      | Noticed a smoke demon
  5738 | D:7      | Killed a kobold demonologist
  5744 | D:7      | XOM: 5-stop teleportation journey
  6100 | D:7      | XOM: silly message
  6523 | D:7      | XOM: silly message
  6606 | D:8      | Found a flagged portal.
  6618 | Bailey   | Entered a bailey
  6647 | Bailey   | XOM: blink monster(s)
  6685 | Bailey   | Noticed a gargoyle
  6695 | Bailey   | Killed a gargoyle
  6696 | Bailey   | Reached skill level 10 in Fighting
  6736 | Bailey   | XOM: polymorph butterfly -> killer bee
  6855 | Bailey   | XOM: god gift: wand of acid (4)
  6957 | Bailey   | XOM: potion effect (magic)
  6958 | Bailey   | XOM: stat loss: -1 Dex (9/10)
  6960 | Bailey   | Reached skill level 5 in Armour
  6970 | Bailey   | XOM: give mutation
  6970 | Bailey   | Gained mutation: You occasionally lose the ability to drink
                  | potions when taking damage. [Xom's mischief]
  7103 | Bailey   | Found the +9 scales of the Dragon King {rPois rF+ rC+
                  | Will+}
  7371 | D:8      | XOM is BORED!
  7408 | D:8      | Reached skill level 5 in Evocations
  7633 | D:8      | XOM: confusion (+ monsters)
  7641 | D:8      | XOM: destruction
  7642 | D:8      | XOM: confusion
  8259 | D:8      | XOM: confuse monster(s)
  8419 | D:8      | Reached XP level 11. HP: 100/114 MP: 11/11
  8573 | D:9      | XOM: noise
  8595 | D:9      | XOM: 1-stop teleportation journey
  8869 | D:9      | Noticed Gastronok
  8874 | D:9      | Gastronok changed into Gastronok the rockslime
  8874 | D:9      | Noticed Gastronok
  8874 | D:9      | XOM: polymorph Gastronok -> Gastronok the rockslime
  8875 | D:9      | Gastronok the rockslime changed into Gastronok the shard
                  | shrike
  8875 | D:9      | Noticed Gastronok
  8875 | D:9      | XOM: polymorph Gastronok the rockslime -> Gastronok the
                  | shard shrike
  8876 | D:9      | Reached skill level 11 in Fighting
  9078 | D:10     | Entered Level 10 of the Dungeon
  9137 | D:10     | XOM: 4-stop teleportation journey
  9138 | D:10     | XOM: summons friendly iron imp
  9142 | D:10     | XOM: enchant monster (good)
  9189 | D:10     | XOM: noise
  9515 | D:10     | XOM is BORED!
  9515 | D:10     | XOM: summons 6 hostile demons
  9726 | D:10     | Found a runed translucent gate.
  9727 | D:10     | Found a runed translucent gate.
  9727 | D:10     | Found a runed translucent gate.
  9727 | D:10     | Noticed an orc knight
  9728 | D:10     | Found an opulent altar of Gozag.
  9728 | D:10     | Noticed Bizboz's ghost (journeyman DjAl)
  9729 | D:10     | Noticed a deep troll
  9729 | D:10     | Noticed an obsidian statue
  9729 | D:10     | Noticed a skeletal warrior
  9803 | D:10     | XOM: give mutations
  9803 | D:10     | Gained mutation: You possess an exceptional clarity of
                  | mind. [Xom's mischief]
  9803 | D:10     | Gained mutation: You are somewhat resistant to further
                  | mutation. [Xom's mischief]
  9864 | D:11     | XOM: enchant monster (bad)
  9867 | D:11     | XOM: repel stairs
  9868 | D:11     | Noticed Harold
  9868 | D:11     | Noticed a two-headed ogre
  9870 | D:11     | XOM: summons 7 friendly demons
  9876 | D:11     | XOM: fake destruction
  9877 | D:11     | XOM: noise
  9878 | D:11     | Noticed a boulder beetle
  9879 | D:11     | XOM: confuse monster(s)
  9879 | D:11     | Noticed a two-headed ogre
  9881 | D:11     | Killed a two-headed ogre
  9896 | D:11     | Killed Harold
  9900 | D:11     | Killed a two-headed ogre
  9900 | D:11     | XOM: noise
  9901 | D:11     | XOM: 1-stop teleportation journey
  9931 | D:11     | a troll changed into a quicksilver dragon
  9931 | D:11     | Noticed a quicksilver dragon
  9931 | D:11     | XOM: polymorph troll -> quicksilver dragon
 10103 | D:10     | XOM: summons 6 hostile demons
 10104 | D:10     | Noticed a sun demon
 10254 | D:11     | Noticed Lodul
 10258 | D:11     | Found a staircase to the Lair.
 10263 | D:11     | XOM: noise
 10271 | Lair:1   | Entered Level 1 of the Lair of Beasts
 10310 | Lair:1   | XOM: silly message
 10334 | Lair:1   | Noticed a catoblepas
 10338 | Lair:1   | XOM: potion effect (heal wounds)
 10342 | Lair:1   | Killed a catoblepas
 10345 | Lair:1   | Reached skill level 12 in Fighting
 10345 | Lair:1   | Reached XP level 12. HP: 123/132 MP: 12/12
 10446 | Lair:1   | XOM: enchant monster (good)
 10450 | Lair:1   | XOM: potion effect (invisibility)
 10652 | Lair:1   | Found an ornate altar of the Wu Jian Council.
 11016 | Lair:2   | XOM: god gift: glass ring {god gift}
 11075 | Lair:2   | Found a dark tunnel.
 11086 | Volcano  | Entered a volcano
 11146 | Volcano  | XOM: smoke on damage
 11186 | Volcano  | XOM: scenery: summon butterflies
 11278 | Volcano  | XOM: 4-stop teleportation journey
 11492 | Volcano  | XOM: 3-stop teleportation journey
 11519 | Volcano  | Identified the +0 pair of boots "Jileunk" {^Drain rElec
                  | Will+ Str+8}
 11840 | Lair:2   | Reached skill level 13 in Fighting
 11845 | Lair:2   | Reached skill level 10 in Armour
 11913 | Lair:2   | Noticed a death yak
 11914 | Lair:2   | Noticed a death yak
 11915 | Lair:2   | Noticed a death yak
 11916 | Lair:2   | Found a staircase to the Snake Pit.
 11932 | Lair:2   | XOM: snakes to sticks
 11936 | Lair:2   | Killed a death yak
 11948 | Lair:2   | Killed a death yak
 11948 | Lair:2   | XOM: enchant monster (bad)
 11949 | Lair:2   | Reached skill level 10 in Maces & Flails
 11953 | Lair:2   | Killed a death yak
 12076 | Lair:2   | XOM: give mutations
 12076 | Lair:2   | Lost mutation: You are mostly covered in iridescent scales.
                  | (AC +4) [Xom's mischief]
 12076 | Lair:2   | Gained mutation: You passively dampen the noise of your
                  | surroundings. [Xom's mischief]
 12121 | Lair:2   | Reached XP level 13. HP: 144/144 MP: 13/13
 12156 | Lair:2   | XOM: potion effect (invisibility)
 12417 | Lair:2   | XOM: polymorph torpor snail -> queen bee
 12419 | Lair:2   | XOM: confuse monster(s)
 12458 | Lair:2   | Identified the amulet "Taakyb" {Acrobat +Inv rCorr} (Xom
                  | gifted it to you on level 2 of the Lair of Beasts)
 12458 | Lair:2   | XOM: god gift: amulet "Taakyb" {Acrobat +Inv rCorr}
 12592 | Lair:2   | XOM: god gift: wand of iceblast (3)
 12697 | Lair:2   | XOM: scenery: summon butterflies
 12759 | Lair:2   | XOM: scenery: summon butterflies
 12773 | Lair:2   | Found a staircase to the Shoals.
 12814 | Lair:2   | XOM: god gift: mace {god gift}
 13057 | Lair:3   | XOM: 2-stop teleportation journey
 13083 | Lair:3   | XOM: confuse monster(s)
 13111 | Lair:3   | XOM: 1-stop teleportation journey
 13141 | Lair:3   | XOM: silly message
 13145 | Lair:3   | XOM: enchant monster (good)
 13193 | Lair:3   | Noticed Amaemon
 13195 | Lair:3   | XOM: divination: detect creatures
 13207 | Lair:3   | Killed Amaemon
 13314 | Lair:3   | XOM: divination: detect items
 13705 | Lair:4   | XOM: cast spell 'Summon Ice Beast'
 13706 | Lair:4   | XOM: fake destruction
 13707 | Lair:4   | XOM: give mutations
 13707 | Lair:4   | Gained mutation: Your magical capacity is low. (-10% MP)
                  | [Xom's mischief]
 13707 | Lair:4   | Lost mutation: You possess an exceptional clarity of mind.
                  | [Xom's mischief]
 13707 | Lair:4   | Lost mutation: You are somewhat resistant to further
                  | mutation. [Xom's mischief]
 13712 | Lair:4   | XOM: polymorph water moccasin -> frilled lizard
 13745 | Lair:3   | XOM: noise
 13752 | Lair:3   | XOM: summons friendly white imp
 13788 | Lair:3   | Reached skill level 14 in Fighting
 13789 | Lair:3   | XOM: potion effect (might)
 14051 | Lair:4   | XOM: enchant monster (good)
 14143 | Lair:4   | XOM: potion effect (curing)
 14403 | Lair:4   | XOM: silly message
 14598 | Lair:4   | XOM: give mutations
 14598 | Lair:4   | Gained mutation: You are mostly covered in iridescent
                  | scales. (AC +4) [Xom's grace]
 14598 | Lair:4   | Gained mutation: You passively map the area around you.
                  | [Xom's grace]
 14721 | Lair:4   | XOM: enchant monster (good)
 14800 | Lair:4   | XOM: enchant monster (good)
 15043 | Lair:5   | Entered Level 5 of the Lair of Beasts
 15109 | Lair:5   | Found a staircase to the Slime Pits.
 15109 | Lair:5   | Found a viscous altar of Jiyva.
 15268 | Lair:5   | Reached XP level 14. HP: 145/157 MP: 12/12
 15356 | Lair:5   | XOM: confuse monster(s)
 15620 | Lair:5   | XOM: polymorph komodo dragon -> boggart
 15747 | Lair:5   | XOM: silly message
 15769 | Lair:5   | XOM: polymorph yak -> scorpion
 15884 | Lair:5   | XOM is BORED!
 15884 | Lair:5   | XOM: blink monster(s)
 16144 | Lair:5   | XOM is BORED!
 16144 | Lair:5   | XOM: give mutations
 16144 | Lair:5   | Lost mutation: You are mostly covered in iridescent scales.
                  | (AC +4) [Xom's mischief]
 16144 | Lair:5   | Gained mutation: Armour fits poorly on your strangely
                  | shaped body. [Xom's mischief]
 16144 | Lair:5   | Lost mutation: You are partially covered in iridescent
                  | scales. (AC +2) [Xom's mischief]
 16144 | Lair:5   | Gained mutation: You are clumsy. (Dex -2) [Xom's mischief]
 16281 | Lair:5   | Reached skill level 15 in Fighting
 16287 | Lair:5   | XOM: summons friendly crimson imp
 16318 | Lair:5   | XOM: summons 2 friendly demons
 16395 | Lair:5   | Identified the +0 ring mail of Noughts and Crosses {Dex+3}
 16424 | Lair:5   | Found a hide-covered altar of Uskayaw.
 16424 | Lair:5   | XOM: 1-stop teleportation journey
 16428 | Lair:5   | XOM: divination: detect items
 16466 | Lair:5   | XOM: silly message
 16529 | Lair:5   | Noticed Rupert
 16536 | Lair:5   | Killed Rupert
 16760 | Lair:5   | XOM: polymorph polar bear -> shining eye
 16775 | Lair:5   | Reached XP level 15. HP: 165/169 MP: 13/13
 16776 | Lair:5   | Reached skill level 16 in Fighting
 16776 | Lair:5   | Reached XP level 16. HP: 176/179 MP: 14/14
 16867 | Lair:5   | Lost mutation: You occasionally lose the ability to drink
                  | potions when taking damage. [potion of mutation]
 16867 | Lair:5   | Lost mutation: Your magical capacity is low. (-10% MP)
                  | [potion of mutation]
 16867 | Lair:5   | Gained mutation: You expend magic power (3 MP) to
                  | strengthen your wands. [potion of mutation]
 16867 | Lair:5   | Lost mutation: You are clumsy. (Dex -2) [potion of
                  | mutation]
 16868 | Lair:5   | Lost mutation: Armour fits poorly on your strangely shaped
                  | body. [potion of mutation]
 16868 | Lair:5   | Lost mutation: You passively map the area around you.
                  | [potion of mutation]
 16868 | Lair:5   | Lost mutation: You passively map a small area around you.
                  | [potion of mutation]
 16868 | Lair:5   | Gained mutation: You have a somewhat thin skeletal
                  | structure. (Dex +2, Stealth+) [potion of mutation]
 16868 | Lair:5   | Gained mutation: You are frail. (-10% HP) [potion of
                  | mutation]
 16868 | Lair:5   | Gained mutation: You are covered in fur. (AC +1) [potion of
                  | mutation]
 16881 | Lair:5   | Lost mutation: You are covered in fur. (AC +1) [potion of
                  | mutation]
 16881 | Lair:5   | Lost mutation: You are frail. (-10% HP) [potion of
                  | mutation]
 16881 | Lair:5   | Lost mutation: You expend magic power (3 MP) to strengthen
                  | your wands. [potion of mutation]
 16881 | Lair:5   | Gained mutation: You are robust. (+10% HP) [potion of
                  | mutation]
 16881 | Lair:5   | Gained mutation: You are weak. (Str -2) [potion of
                  | mutation]
 16881 | Lair:5   | Gained mutation: You are very robust. (+20% HP) [potion of
                  | mutation]
 17116 | D:11     | Noticed Snorg
 17128 | Lair:1   | XOM: blink monster(s)
 17139 | Lair:1   | Killed a quicksilver dragon
 17457 | Lair:1   | Killed Snorg
 17475 | D:11     | XOM: confusion (+ monsters)
 17484 | D:11     | XOM: potion effect (haste)
 17496 | D:11     | Killed Lodul
 18207 | D:12     | XOM: scenery: 1 doors open, 1 doors close
 18486 | D:12     | Found a staircase to the Orcish Mines.
 18525 | D:12     | XOM: give mutations
 18525 | D:12     | Lost mutation: You are weak. (Str -2) [Xom's mischief]
 18525 | D:12     | Gained mutation: You are dopey. (Int -2) [Xom's mischief]
 18654 | D:12     | XOM: summons 1 hostile demon
 18761 | D:13     | Reached skill level 10 in Evocations
 18853 | D:13     | Found a gate to the Vaults.
 18854 | D:13     | XOM: enchant monster (good)
 18867 | D:13     | XOM: divine lightning
 18871 | D:13     | XOM: fake destruction
 18883 | D:13     | XOM: potion effect (brilliance)
 18886 | D:13     | XOM: enchant monster (bad)
 18917 | D:13     | XOM: confusion
 19000 | D:13     | XOM: 1-stop teleportation journey
 19046 | D:13     | XOM: divine lightning
 19085 | D:13     | XOM: god gift: wand of iceblast (6)
 19113 | D:13     | XOM: cloud trail
 19155 | D:13     | XOM: divination: detect creatures
 19182 | D:13     | Reached XP level 17. HP: 218/226 MP: 17/17
 19185 | D:13     | Found a frozen archway.
 19191 | IceCv    | Entered an ice cave
 19201 | IceCv    | XOM: cleaving
 19234 | IceCv    | XOM: enchant monster (good)
 19239 | IceCv    | XOM: swap monsters
 19298 | IceCv    | XOM: cleaving
 19368 | IceCv    | XOM: scenery: create altars
 19369 | IceCv    | XOM: scenery: summon butterflies
 19966 | IceCv    | XOM: god gift: 1109 gold pieces
 20062 | D:13     | XOM: give mutations
 20062 | D:13     | Gained mutation: You are agile. (Dex +4, Str/Int -1) [Xom's
                  | grace]
 20062 | D:13     | Gained mutation: You are strong-willed. (Will+) [Xom's
                  | grace]
 20062 | D:13     | Gained mutation: You have a pair of horns on your head.
                  | [Xom's grace]
 20062 | D:13     | Gained mutation: Your flesh is heat resistant. (rF+) [Xom's
                  | grace]
 20262 | D:13     | Reached skill level 17 in Fighting
 20264 | D:13     | XOM: confusion
 20285 | D:13     | Reached skill level 15 in Armour
 20614 | D:13     | Identified a scroll of acquirement
 20617 | D:13     | Acquired 646 gold pieces
 20695 | Orc:1    | Entered Level 1 of the Orcish Mines
 20847 | D:12     | XOM: cleaving
 21145 | Orc:1    | XOM: silly message
 21159 | Orc:1    | XOM: silly message
 21548 | Orc:2    | Entered Level 2 of the Orcish Mines
 21548 | Orc:2    | Found a staircase to the Elven Halls.
 21551 | Orc:2    | XOM: 1-stop teleportation journey
 21643 | Orc:2    | XOM: confuse monster(s)
 21648 | Orc:2    | XOM: noise
 21650 | Orc:2    | XOM: confuse monster(s)
 21681 | Orc:2    | XOM: cast spell 'Metabolic Englaciation'
 21691 | Orc:2    | XOM: confuse monster(s)
 21701 | Orc:2    | XOM: cast spell 'Leda's Liquefaction'
 21709 | Orc:2    | XOM: confusion (+ monsters)
 21721 | Orc:2    | XOM: cast spell 'Summon Horrible Things'
 21970 | Orc:2    | XOM: cloud trail
 22096 | Orc:2    | Found Puoci's Antique Armour Boutique.
 22108 | Orc:2    | Found Ysusemuyrch's Magic Scroll Shop.
 22110 | Orc:2    | Found Zeki's Magic Scroll Boutique.
 22111 | Orc:2    | Found Iguroime's Assorted Antiques.
 22118 | Orc:2    | Bought a scroll of identify for 28 gold pieces
 22118 | Orc:2    | Bought a scroll of identify for 28 gold pieces
 22118 | Orc:2    | Bought a scroll of identify for 28 gold pieces
 22124 | Orc:2    | Bought a scroll of enchant weapon for 232 gold pieces
 22124 | Orc:2    | Bought a wand of acid (3) for 390 gold pieces
 22136 | Orc:2    | Bought a scroll of teleportation for 33 gold pieces
 22136 | Orc:2    | Bought a scroll of vulnerability for 44 gold pieces
 22136 | Orc:2    | Bought a scroll of teleportation for 33 gold pieces
 22136 | Orc:2    | Bought a scroll of teleportation for 33 gold pieces
 22136 | Orc:2    | Bought a scroll of blinking for 82 gold pieces
 22145 | Orc:2    | XOM: god gift: scroll of amnesia
 22301 | Orc:2    | XOM: torment (116/230 hp)
 22402 | Orc:2    | XOM: give mutations
 22402 | Orc:2    | Lost mutation: Your flesh is heat resistant. (rF+) [Xom's
                  | mischief]
 22402 | Orc:2    | Gained mutation: You are very dopey. (Int -4) [Xom's
                  | mischief]
 22789 | Snake:1  | Entered Level 1 of the Snake Pit
 22880 | Snake:1  | XOM: enchant monster (bad)
 22895 | Snake:1  | XOM: noise
 22900 | Snake:1  | XOM: smoke on damage
 23393 | D:14     | XOM: cast spell 'Summon Cactus Giant'
 23472 | D:14     | Got the Codex of Lethal Sparks
 23771 | D:14     | XOM: enchant monster (good)
 23771 | D:14     | XOM: smoke on damage
 24022 | D:14     | XOM: cast spell 'Chain of Chaos'
 24470 | D:14     | XOM: scenery: summon butterflies
 24593 | D:14     | XOM: give mutations
 24593 | D:14     | Gained mutation: You have a pair of large horns on your
                  | head. [Xom's grace]
 24593 | D:14     | Gained mutation: You are partially covered in iridescent
                  | scales. (AC +2) [Xom's grace]
 24593 | D:14     | Gained mutation: You are highly strong-willed. (Will++)
                  | [Xom's grace]
 24664 | D:15     | Entered Level 15 of the Dungeon
 24664 | D:15     | Found a gate leading to a gauntlet.
 24673 | Gauntlet | XOM: noise
 24673 | Gauntlet | Entered a Gauntlet
 24673 | Gauntlet | Found a transporter.
 24676 | Gauntlet | Found a transporter.
 24677 | Gauntlet | Found a transporter.
 24678 | Gauntlet | Found a transporter.
 24681 | Gauntlet | Found a transporter.
 24682 | Gauntlet | Found a transporter.
 24690 | Gauntlet | Found a transporter.
 24707 | Gauntlet | Found a large runed translucent door.
 24708 | Gauntlet | Found a large runed translucent door.
 24709 | Gauntlet | Found a large runed translucent door.
 24710 | Gauntlet | Found a runed translucent gate.
 24711 | Gauntlet | Found a transporter.
 24711 | Gauntlet | Found a runed translucent gate.
 24712 | Gauntlet | Found a runed translucent gate.
 24714 | Gauntlet | Found a large runed translucent door.
 24715 | Gauntlet | Found a large runed translucent door.
 24722 | Gauntlet | Found a large runed translucent door.
 24723 | Gauntlet | Found a large runed translucent door.
 24723 | Gauntlet | Found a large runed translucent door.
 24724 | Gauntlet | Found a large runed translucent door.
 24724 | Gauntlet | Found a large runed translucent door.
 24724 | Gauntlet | Found a runed translucent door.
 24724 | Gauntlet | Found a runed translucent door.
 24725 | Gauntlet | Found a large runed translucent door.
 24726 | Gauntlet | Found a large runed translucent door.
 24728 | Gauntlet | Found a transporter.
 24732 | Gauntlet | Found a transporter.
 24734 | Gauntlet | Found a runed translucent gate.
 24734 | Gauntlet | Found a runed translucent gate.
 24734 | Gauntlet | Found a runed translucent gate.
 24735 | Gauntlet | Found a large runed translucent door.
 24735 | Gauntlet | Found a large runed translucent door.
 24740 | Gauntlet | Found a transporter.
 24768 | Gauntlet | Found a large runed translucent door.
 24768 | Gauntlet | Found a large runed translucent door.
 24792 | Gauntlet | Found a transporter.
 24816 | Gauntlet | XOM: god gift: scroll of fog
 24945 | Gauntlet | Identified the +1 hat "Dec Xilue" {rN+ Str+3 Int+3}
 24994 | Gauntlet | Identified the +4 pair of gloves of Vyekhiux {rElec rF-
                  | Str+4}
 25060 | Gauntlet | Found the +10 Black Knight's barding {ponderous, rPois rN+}
 25075 | Gauntlet | Got the Codex of Toxicity
 25197 | D:15     | Reached skill level 18 in Fighting
 25212 | D:15     | XOM: polymorph rakshasa -> blizzard demon
 25217 | D:15     | Reached XP level 18. HP: 216/244 MP: 18/18
 25469 | D:15     | XOM: confusion (+ monsters)
 25474 | D:15     | XOM: enchant monster (bad)
 25759 | D:15     | XOM: 1-stop teleportation journey
 25900 | D:15     | Found a staircase to the Depths.
 26193 | Lair:2   | XOM: silly message
 26305 | Lair:2   | XOM: silly message
 26320 | Snake:1  | XOM: enchant monster (bad)
 27145 | Snake:2  | XOM: summons 2 friendly demons
 27149 | Snake:2  | XOM: swap monsters
 27150 | Snake:2  | XOM: blink monster(s)
 27154 | Snake:2  | XOM: swap monsters
 27165 | Snake:2  | XOM: swap monsters
 27168 | Snake:2  | Reached skill level 15 in Maces & Flails
 27288 | Snake:2  | XOM: blink monster(s)
 27444 | Snake:2  | Noticed Roxanne
 27452 | Snake:2  | Killed Roxanne
 27491 | Snake:2  | XOM: 1-stop teleportation journey
 27789 | Snake:2  | XOM: 1-stop teleportation journey
 27796 | Snake:2  | XOM: summons 3 friendly demons
 27914 | Snake:2  | XOM: 2-stop teleportation journey
 28541 | Snake:3  | Found a flickering gateway to a bazaar.
 28564 | Bazaar   | Entered a bazaar
 28715 | Bazaar   | XOM: give mutations
 28715 | Bazaar   | Gained mutation: You are mostly covered in iridescent
                  | scales. (AC +4) [Xom's grace]
 28715 | Bazaar   | Gained mutation: You are completely covered in iridescent
                  | scales. (AC +6) [Xom's grace]
 28773 | Bazaar   | Found Sefy's Magic Scroll Boutique.
 28773 | Bazaar   | Found Utet's Armour Shop.
 28774 | Bazaar   | Found Udacve Ytie's Jewellery Emporium.
 28805 | Bazaar   | Found Zaudapp's Armour Emporium.
 28827 | Bazaar   | Bought the ring of Uwkig {Wiz Will+ Str+3} for 440 gold
                  | pieces
 28908 | Snake:3  | Found a hazy altar of Hepliaklqana.
 28923 | Snake:3  | XOM: scenery: create altars
 28999 | Snake:3  | XOM: cleaving
 29188 | Snake:3  | XOM: fog
 29232 | Snake:3  | XOM is BORED!
 29232 | Snake:3  | XOM: summons 1 hostile shadow creature
 29304 | Snake:3  | XOM: god gift: 57 gold pieces
 29379 | Snake:3  | XOM: give mutations
 29379 | Snake:3  | Gained mutation: Your spells are a little harder to cast,
                  | but a little more powerful. [Xom's grace]
 29379 | Snake:3  | Gained mutation: You are extremely strong-willed. (Will+++)
                  | [Xom's grace]
 29379 | Snake:3  | Gained mutation: You are extremely robust. (+30% HP) [Xom's
                  | grace]
 29435 | Snake:3  | XOM: god gift: potion of degeneration
 29450 | Snake:4  | Entered Level 4 of the Snake Pit
 29451 | Snake:4  | XOM: polymorph guardian serpent -> iguana
 29462 | Snake:4  | XOM: god gift: scroll of poison
 29464 | Snake:4  | XOM: give mutations
 29464 | Snake:4  | Gained mutation: Your flesh is heat resistant. (rF+) [Xom's
                  | grace]
 29464 | Snake:4  | Gained mutation: You are somewhat resistant to further
                  | mutation. [Xom's grace]
 29464 | Snake:4  | Gained mutation: You are resistant to electric shocks.
                  | (rElec) [Xom's grace]
 29464 | Snake:4  | Gained mutation: Your skin changes colour to match your
                  | surroundings (Stealth+). [Xom's grace]
 29470 | Snake:4  | XOM: smoke on damage
 29480 | Snake:4  | XOM: summons friendly shadow imp
 29706 | Snake:4  | Noticed Saint Roka
 29732 | Snake:4  | Killed Saint Roka
 29926 | Snake:4  | XOM: 3-stop teleportation journey
 29963 | Snake:4  | XOM: summons 2 friendly demons
 29980 | Snake:4  | Reached skill level 19 in Fighting
 29985 | Snake:4  | XOM: polymorph salamander -> warg
 29997 | Snake:4  | XOM: scenery: 2 doors open
 30196 | Snake:3  | XOM: scenery: create altars
 30362 | Snake:4  | XOM: give mutations
 30362 | Snake:4  | Lost mutation: You are completely covered in iridescent
                  | scales. (AC +6) [Xom's mischief]
 30362 | Snake:4  | Lost mutation: Your flesh is heat resistant. (rF+) [Xom's
                  | mischief]
 30528 | Snake:4  | XOM: noise
 30530 | Snake:4  | XOM: blink monster(s)
 30606 | Snake:4  | XOM: give mutations
 30606 | Snake:4  | Gained mutation: Your flesh is heat resistant. (rF+) [Xom's
                  | grace]
 30606 | Snake:4  | Gained mutation: Your flesh is cold resistant. (rC+) [Xom's
                  | grace]
 30606 | Snake:4  | Gained mutation: You have a moderately thin skeletal
                  | structure. (Dex +4, Stealth++) [Xom's grace]
 30759 | Snake:4  | XOM: god gift: +3 spectral giant spiked club
 30778 | Snake:4  | XOM: enchant monster (good)
 30910 | Snake:4  | Noticed Mlioglotl
 30915 | Snake:4  | Killed Mlioglotl
 30916 | Snake:4  | Reached XP level 19. HP: 265/282 MP: 19/19
 30917 | Snake:4  | XOM: scenery: create altars
 31034 | Snake:4  | XOM: fog
 31165 | Snake:4  | XOM: divine lightning
 31182 | Snake:4  | XOM: cleaving
 31220 | Snake:4  | XOM: summons 14 friendly demons
 31265 | Snake:4  | Got a serpentine rune of Zot
 31517 | Lair:1   | XOM: summons 3 hostile shadow creatures
 31604 | D:11     | XOM: 2-stop teleportation journey
 31657 | Elf:1    | Entered Level 1 of the Elven Halls
 31675 | Elf:1    | XOM: summons friendly shadow imp
 31689 | Elf:1    | XOM: summons 16 friendly demons
 31910 | Elf:1    | XOM: confuse monster(s)
 32062 | Elf:1    | XOM: confuse monster(s)
 32283 | Elf:1    | XOM: cloud trail
 32332 | Elf:1    | XOM: fog
 32417 | Elf:1    | Found Kuapn's Assorted Antiques.
 32426 | Elf:1    | Bought a scroll of enchant weapon for 247 gold pieces
 32796 | Elf:2    | XOM: scenery: 3 doors open, 1 doors close
 32844 | Elf:2    | XOM: smoke on damage
 33154 | Elf:2    | XOM: 1-stop teleportation journey
 33157 | Elf:2    | XOM: summons friendly iron imp
 33376 | Elf:2    | XOM: give mutation
 33376 | Elf:2    | Gained mutation: You are somewhat resistant to both further
                  | mutation and mutation removal. [Xom's grace]
 33505 | Elf:2    | XOM: scenery: 1 doors close
 33584 | Elf:2    | XOM: cleaving
 33638 | Elf:2    | Found a runed translucent gate.
 33638 | Elf:2    | Found a runed translucent gate.
 33638 | Elf:2    | Found a runed translucent gate.
 33706 | Elf:3    | Entered Level 3 of the Elven Halls
 33827 | Elf:3    | Paralysed by an air elemental for 1 turns
 33841 | Elf:3    | Found Goruy's Antique Armour Shop.
 33857 | Elf:3    | XOM: scenery: summon butterflies
 33908 | Elf:3    | Found Zuolut's Antique Weapon Emporium.
 33952 | Elf:3    | Found Xopin's Weapon Shoppe.
 33991 | Elf:3    | XOM: scenery: 1 doors close
 34068 | Elf:3    | XOM: 3-stop teleportation journey
 34121 | Elf:3    | XOM: confuse monster(s)
 34126 | Elf:3    | Reached skill level 1 in Throwing
 34136 | Elf:3    | Reached skill level 20 in Fighting
 34321 | Elf:3    | XOM: god gift: 756 gold pieces
 34640 | Elf:3    | XOM: enchant monster (good)
 34732 | Elf:3    | XOM: scenery: 1 doors open
 34763 | Elf:3    | XOM: torment (78/284 hp)
 35084 | Elf:3    | XOM: summons 2 hostile demons
 35288 | Elf:3    | Identified the ring "Lulato" {rPois rF+++ Str-3 Stlth+}
 35288 | Elf:3    | XOM: 5-stop teleportation journey
 35289 | Elf:3    | XOM: summons 6 hostile demons
 35419 | Elf:3    | XOM: noise
 35532 | Elf:3    | XOM: give mutations
 35532 | Elf:3    | Lost mutation: You are extremely robust. (+30% HP) [Xom's
                  | mischief]
 35532 | Elf:3    | Lost mutation: You are resistant to electric shocks.
                  | (rElec) [Xom's mischief]
 35580 | Elf:3    | Reached XP level 20. HP: 244/259 MP: 20/20
 35744 | Elf:3    | XOM: confusion (+ monsters)
 35747 | Elf:3    | XOM: noise
 35897 | Elf:3    | XOM: divination: magic mapping
 35932 | Elf:3    | Identified the +3 leather armour of the Evil One {Regen+
                  | Dex+5 Stlth+}
 35933 | Elf:3    | XOM: potion effect (berserk rage)
 36150 | Elf:3    | Identified the ring of Woikaudi {rElec rF+ Int+2}
 36150 | Elf:3    | XOM: 2-stop teleportation journey
 36236 | Elf:3    | XOM: give mutations
 36236 | Elf:3    | Lost mutation: You are mostly covered in iridescent scales.
                  | (AC +4) [Xom's mischief]
 36236 | Elf:3    | Lost mutation: You are partially covered in iridescent
                  | scales. (AC +2) [Xom's mischief]
 36236 | Elf:3    | Lost mutation: You are somewhat resistant to both further
                  | mutation and mutation removal. [Xom's mischief]
 36371 | Elf:3    | Found the +8 Wrath of Trog {antimagic, *Rage Rampage}
 36377 | Elf:3    | Got Araus's Exposition on Compounds and Bedrock
 36383 | Elf:3    | Identified the +0 plate armour of Lethargy {Dex+3}
 36445 | Elf:3    | Got the Grimoire of Outbursts and the Brume
 36499 | Elf:3    | XOM: cleaving
 36886 | Shoals:1 | Entered Level 1 of the Shoals
 36890 | Shoals:1 | XOM: confusion
 36987 | Shoals:1 | XOM: 3-stop teleportation journey
 37257 | Shoals:1 | Noticed Nikola
 37269 | Shoals:1 | Killed Nikola
 37410 | Shoals:1 | XOM: confuse monster(s)
 37579 | Shoals:1 | XOM: give mutation
 37579 | Shoals:1 | Gained mutation: Your muscles are strong. (Str +4, Int/Dex
                  | -1) [Xom's grace]
 37584 | Shoals:1 | XOM: 1-stop teleportation journey
 37704 | Shoals:1 | XOM: 1-stop teleportation journey
 37842 | Shoals:2 | XOM: 1-stop teleportation journey
 37873 | Shoals:2 | Identified the serpent talisman of Nuzy {rF+ Will+ Int+3
                  | Dex+2}
 37873 | Shoals:2 | Noticed Aizul
 37873 | Shoals:2 | XOM: 1-stop teleportation journey
 37874 | Shoals:2 | Noticed Ilsuiw
 37879 | Shoals:2 | Killed Aizul
 38049 | Shoals:2 | XOM is BORED!
 38049 | Shoals:2 | XOM: give mutations
 38049 | Shoals:2 | Lost mutation: Your flesh is heat resistant. (rF+) [Xom's
                  | mischief]
 38049 | Shoals:2 | Lost mutation: You are very robust. (+20% HP) [Xom's
                  | mischief]
 38049 | Shoals:2 | Lost mutation: You have a pair of large horns on your head.
                  | [Xom's mischief]
 38049 | Shoals:2 | Lost mutation: You are agile. (Dex +4, Str/Int -1) [Xom's
                  | mischief]
 38118 | Shoals:2 | XOM: 3-stop teleportation journey
 38241 | Shoals:2 | XOM: 8-stop teleportation journey
 38325 | Shoals:2 | XOM: 6-stop teleportation journey
 38375 | Shoals:2 | XOM: 3-stop teleportation journey
 38378 | Shoals:2 | Reached skill level 5 in Throwing
 38389 | Shoals:2 | Killed Ilsuiw
 38656 | Shoals:2 | XOM: cloud trail
 39042 | Shoals:3 | Identified the +6 flail of the Riding Traitor {heavy, Int+3
                  | Dex+4}
 39200 | Shoals:3 | Found a blossoming altar of Fedhas.
 39215 | Shoals:3 | XOM: polymorph kraken -> kraken
 39321 | Shoals:3 | XOM: stat loss: -1 Int (8/9)
 39654 | Shoals:3 | XOM: divination: detect creatures
 39656 | Shoals:3 | XOM: summons friendly shadow imp
 39740 | Shoals:3 | XOM: silly message
 40120 | Shoals:3 | XOM is BORED!
 40129 | Shoals:4 | Entered Level 4 of the Shoals
 40132 | Shoals:4 | Reached skill level 21 in Fighting
 40134 | Shoals:4 | XOM: divination: magic mapping
 40141 | Shoals:4 | XOM: divination: detect items
 40149 | Shoals:4 | XOM: enchant monster (good)
 40150 | Shoals:4 | XOM: confuse monster(s)
 40381 | Shoals:3 | Reached XP level 21. HP: 236/265 MP: 21/21
 40393 | Shoals:3 | XOM: god gift: 20 gold pieces
 40424 | Shoals:3 | XOM: cloud trail
 40619 | Shoals:4 | XOM: divination: detect creatures
 40903 | Shoals:4 | XOM: blink monster(s)
 40906 | Shoals:4 | XOM: noise
 40948 | Shoals:4 | XOM: summons friendly quasit
 41082 | Shoals:4 | XOM: silly message
 41355 | Shoals:4 | Got a barnacled rune of Zot
 41460 | Shoals:4 | XOM: noise
 41683 | Lair:2   | XOM: summons 9 hostile demons
 41850 | Vaults:1 | Entered Level 1 of the Vaults
 41871 | Vaults:1 | Found a flickering gateway to a bazaar.
 41871 | Vaults:1 | XOM: 4-stop teleportation journey
 42051 | Vaults:1 | XOM: smoke on damage
 42071 | Vaults:1 | XOM: noise
 42098 | Vaults:1 | XOM: polymorph yaktaur -> spark wasp
 42120 | Vaults:1 | Found a runed translucent door.
 42148 | Vaults:1 | XOM: summons 11 hostile demons
 42211 | Vaults:1 | XOM: summons 2 friendly demons
 42235 | Vaults:1 | XOM: divine lightning
 42253 | Vaults:1 | XOM: cast spell 'Summon Mana Viper'
 42257 | Bazaar   | Entered a bazaar
 42371 | Bazaar   | XOM: god gift: 29 gold pieces
 42446 | Bazaar   | Found Buytan's Antique Weapon Emporium.
 42447 | Bazaar   | Found Qug Pycvio's Book Shoppe.
 42474 | Bazaar   | Found Ihuf Pau's Armour Boutique.
 42474 | Bazaar   | Found Hepnaes's Antique Weapon Shop.
 42496 | Bazaar   | Found Xoxouxy's Antique Armour Shoppe.
 42518 | Bazaar   | Found Jaedep's General Store.
 42523 | Bazaar   | Bought a scroll of enchant armour for 127 gold pieces
 42523 | Bazaar   | Bought a wand of iceblast (4) for 163 gold pieces
 42691 | Vaults:1 | XOM: cast spell 'Monstrous Menagerie'
 42735 | Vaults:1 | XOM: enchant monster (good)
 42998 | Vaults:1 | Paralysed by a formless jellyfish for 1 turns
 42999 | Vaults:1 | XOM: summons friendly ufetubus
 43277 | Vaults:1 | XOM: fake destruction
 43406 | Vaults:1 | XOM: smoke on damage
 43453 | Vaults:1 | XOM: cast spell 'Malign Gateway'
 43704 | Vaults:1 | Noticed YordlordTheGreat's ghost (adept MfSu)
 43923 | Vaults:1 | Killed YordlordTheGreat's ghost
 44108 | Vaults:2 | XOM: cast spell 'Alistair's Intoxication'
 44324 | Vaults:2 | XOM: polymorph boulder beetle -> ogre
 44371 | Vaults:2 | XOM: 1-stop teleportation journey
 44447 | Vaults:2 | Reached XP level 22. HP: 161/278 MP: 22/22
 44730 | Vaults:2 | Found a staircase to the Crypt.
 45161 | Vaults:2 | Paralysed by a formless jellyfish for 1 turns
 45224 | Vaults:2 | XOM: give mutations
 45224 | Vaults:2 | Lost mutation: Your flesh is cold resistant. (rC+) [Xom's
                  | mischief]
 45224 | Vaults:2 | Lost mutation: You are robust. (+10% HP) [Xom's mischief]
 45232 | Vaults:2 | XOM: smoke on damage
 45323 | Vaults:2 | XOM: summons 16 friendly demons
 45409 | Vaults:2 | XOM: divination: magic mapping
 45608 | Vaults:2 | XOM is BORED!
 45608 | Vaults:2 | XOM: summons 4 hostile demons
 45733 | Vaults:2 | XOM: fog
 45968 | Vaults:3 | Noticed Boris
 45976 | Vaults:3 | Killed Boris
 46157 | Vaults:3 | Reached skill level 22 in Fighting
 46247 | Vaults:3 | XOM: scenery: create altars
 46256 | Vaults:3 | Found Rengidij's Jewellery Boutique.
 46282 | Vaults:3 | XOM: scenery: 1 doors close
 46283 | Vaults:3 | XOM: polymorph ironbound preserver -> glowing shapeshifter
 46400 | Vaults:3 | Identified the storm talisman of New Discoveries {rF+ rN+
                  | Str+7 Dex-2}
 46457 | Vaults:3 | XOM: polymorph deep troll -> queen bee
 46461 | Vaults:3 | XOM: swap monsters
 46531 | Vaults:3 | XOM: 6-stop teleportation journey
 46875 | Vaults:3 | XOM: silly message
 46891 | Vaults:3 | XOM: cast spell 'Olgreb's Toxic Radiance'
 47013 | Vaults:3 | XOM: noise
 47059 | Vaults:3 | XOM: give mutations
 47059 | Vaults:3 | Lost mutation: You passively dampen the noise of your
                  | surroundings. [Xom's mischief]
 47059 | Vaults:3 | Lost mutation: Your spells are a little harder to cast, but
                  | a little more powerful. [Xom's mischief]
 47414 | Vaults:4 | Paralysed by a formless jellyfish for 1 turns
 47417 | Vaults:4 | XOM: blink monster(s)
 47715 | Vaults:4 | XOM: enchant monster (bad)
 47721 | Vaults:4 | XOM: smoke on damage
 47817 | Vaults:4 | XOM: summons 12 hostile demons
 48150 | Vaults:4 | XOM: 3-stop teleportation journey
 48213 | Vaults:4 | XOM: summons 4 hostile shadow creatures
 48243 | Vaults:4 | XOM: give mutations
 48243 | Vaults:4 | Lost mutation: You are very dopey. (Int -4) [Xom's
                  | mischief]
 48243 | Vaults:4 | Lost mutation: You have a pair of horns on your head.
                  | [Xom's mischief]
 48243 | Vaults:4 | Lost mutation: You are dopey. (Int -2) [Xom's mischief]
 48246 | Vaults:4 | XOM: polymorph orc knight -> sea snake
 48592 | Vaults:4 | XOM: 4-stop teleportation journey
 48613 | Vaults:4 | Found a transporter.
 48615 | Vaults:4 | Noticed Wueresid's ghost (adept DEHW)
 48645 | Vaults:4 | Noticed a dread lich
 48646 | Vaults:4 | Found a transporter.
 48727 | Vaults:4 | Found Kufiyrpho's Weapon Boutique.
 48861 | Vaults:4 | XOM: scenery: 1 doors close
 48901 | Vaults:4 | Reached XP level 23. HP: 234/265 MP: 23/23
 49475 | Vaults:5 | Entered Level 5 of the Vaults
 49481 | Vaults:5 | XOM: enchant monster (bad)
 49483 | Vaults:5 | XOM: divine lightning
 49711 | Vaults:4 | XOM: repel stairs
 50033 | Vaults:4 | Reached skill level 10 in Dodging
 50077 | Vaults:4 | XOM: give mutation
 50077 | Vaults:4 | Gained mutation: You have very sharp teeth. [Xom's
                  | mischief]
 50133 | Vaults:4 | Upgraded the game from 0.31-a0-1395-g7c67ea8c80 to
                  | 0.31-a0-1412-g7b7c7d10e1
 50151 | Vaults:5 | XOM: scenery: create altars
 50736 | Vaults:5 | XOM: polymorph deep elf demonologist -> deep elf
                  | demonologist
 50987 | Vaults:5 | Noticed an ancient lich
 50992 | Vaults:5 | XOM: noise
 50996 | Vaults:5 | XOM: swap monsters
 51007 | Vaults:5 | XOM: summons 5 hostile demons
 51009 | Vaults:5 | Noticed Jory
 51012 | Vaults:5 | Killed an ancient lich
 51012 | Vaults:5 | XOM: draining
 51014 | Vaults:5 | XOM: silly message
 51026 | Vaults:5 | Identified the +2 robe "Oqeuj" {*Slow rElec rF++ Archmagi}
 51239 | Vaults:5 | XOM: stat loss: -1 Int (12/13)
 51333 | Vaults:5 | Noticed a golden dragon
 51333 | Vaults:5 | XOM: silly message
 51346 | Vaults:5 | Killed a golden dragon
 51372 | Vaults:5 | XOM: polymorph two-headed ogre -> glowing shapeshifter
 51425 | Vaults:5 | XOM: 1-stop teleportation journey
 51425 | Vaults:5 | Identified the +5 falchion of Youthful Indiscretion
                  | {antimagic, *Rage rN+ rCorr Stlth+}
 51425 | Vaults:5 | Identified the ring of Liberty {^Drain rElec rPois rCorr
                  | Dex+2}
 51517 | Vaults:5 | XOM: confusion
 51534 | Vaults:5 | XOM: chaos cloud
 51539 | Vaults:5 | Paralysed by you for 1 turns
 51547 | Vaults:5 | XOM: polymorph vault guard -> eleionoma
 51552 | Vaults:5 | Reached skill level 10 in Throwing
 51962 | Vaults:5 | Identified the +11 glaive of the Tooth {flame, *Corrode
                  | rPois rC+ Int+4}
 51971 | Vaults:5 | Killed Jory
 51983 | Vaults:5 | XOM: 1-stop teleportation journey
 52147 | Vaults:5 | Reached skill level 23 in Fighting
 52151 | Vaults:5 | Identified the +0 robe of Optimism {rN+ Str+3}
 52289 | Vaults:5 | Noticed a golden dragon
 52474 | Vaults:5 | XOM: destruction
 52478 | Vaults:5 | a golden dragon changed into an azure jelly
 52478 | Vaults:5 | XOM: polymorph golden dragon -> azure jelly
 52675 | Vaults:5 | Identified the +1 shortbow "Dragonslayer" {freeze, rC+
                  | rCorr}
 52938 | Vaults:5 | Identified the scarf "Xuije" {+Inv, rC+++ MP+9 Str-3 Dex+3}
                  | (Xom gifted it to you on level 5 of the Vaults)
 52938 | Vaults:5 | XOM: god gift: scarf "Xuije" {+Inv, rC+++ MP+9 Str-3 Dex+3}
 53329 | Vaults:5 | Got a silver rune of Zot
 53567 | Vaults:3 | XOM: god gift: wand of flame (10)
 53733 | Depths:1 | Entered Level 1 of the Depths
 53733 | Depths:1 | Noticed Sojobo
 53747 | Depths:1 | Noticed the Enchantress
 53748 | Depths:1 | XOM: enchant monster (good)
 53750 | Depths:1 | Noticed Mara
 53750 | Depths:1 | Found a one-way gate leading to the halls of Pandemonium.
 53756 | Depths:1 | XOM: fake destruction
 53883 | Depths:1 | XOM: god gift: staff of fire
 53932 | Depths:1 | XOM: give mutations
 53932 | Depths:1 | Gained mutation: You are agile. (Dex +4, Str/Int -1) [Xom's
                  | grace]
 53932 | Depths:1 | Gained mutation: You are robust. (+10% HP) [Xom's grace]
 53932 | Depths:1 | Gained mutation: You possess an exceptional clarity of
                  | mind. [Xom's grace]
 54100 | Depths:1 | XOM: summons 5 friendly demons
 54130 | Depths:1 | Killed Mara
 54321 | Depths:1 | XOM: potion effect (haste)
 54327 | Depths:1 | XOM: potion effect (heal wounds)
 54334 | Depths:1 | Reached XP level 24. HP: 289/305 MP: 23/23
 54427 | Depths:1 | Killed the Enchantress
 54470 | Depths:1 | XOM: silly message
 54473 | Depths:1 | Found a gateway to Hell.
 54536 | Depths:1 | Noticed Louise
 54545 | Depths:1 | XOM: silly message
 54548 | Depths:1 | Killed Sojobo
 54560 | Depths:1 | Killed Louise
 54925 | Depths:1 | Found a one-way gate to the infinite horrors of the Abyss.
 55206 | Depths:1 | XOM: noise
 55208 | Depths:1 | Found a basalt altar of Yredelemnul.
 55318 | Depths:1 | Acquired a manual of Evocations
 55578 | Depths:2 | XOM: stealth player
 55709 | Depths:2 | XOM: cast spell 'Summon Small Mammal'
 55728 | Depths:2 | XOM: noise
 55741 | Depths:2 | XOM: divination: magic mapping
 55768 | Depths:2 | Noticed an ancient lich
 55771 | Depths:2 | XOM: noise
 55779 | Depths:2 | Killed an ancient lich
 55909 | Depths:2 | XOM: noise
 55917 | Depths:2 | XOM: divination: detect creatures
 56193 | Depths:2 | You fall into a shaft and drop 1 floor!
 56366 | Depths:2 | XOM: noise
 56592 | Depths:2 | XOM: god gift: runed platinum amulet {god gift}
 56761 | Depths:2 | XOM: fog
 56783 | Depths:2 | XOM: summons 16 friendly demons
 56807 | Depths:2 | XOM: cast spell 'Iskenderun's Battlesphere'
 57118 | Depths:2 | Identified the +2 cloak of Intense Lucidity {Harm Rampage
                  | rN+}
 57257 | Depths:2 | XOM: cloud trail
 57333 | Depths:2 | XOM: silly message
 57805 | Depths:3 | Noticed Boris
 57812 | Depths:3 | Killed Boris
 57859 | Depths:3 | XOM: confuse monster(s)
 57866 | Depths:3 | XOM: god gift: 31 gold pieces
 57931 | Depths:3 | Found Yfruto's Magic Scroll Emporium.
 57939 | Depths:3 | Bought a scroll of blinking for 142 gold pieces
 57939 | Depths:3 | Bought a scroll of teleportation for 57 gold pieces
 57939 | Depths:3 | Bought a scroll of revelation for 142 gold pieces
 57943 | Depths:3 | Found a one-way gateway to a ziggurat.
 57948 | Depths:3 | XOM: enchant monster (bad)
 57952 | Depths:3 | Reached skill level 24 in Fighting
 58076 | Depths:3 | Found a portal to a secret trove of treasure.
 58422 | Orc:2    | Bought a scroll of fog for 44 gold pieces
 58433 | Orc:2    | Bought a scroll of fear for 56 gold pieces
 58433 | Orc:2    | Bought a scroll of fog for 56 gold pieces
 58715 | Depths:3 | You paid a toll of 6 scrolls of fog to enter a treasure
                  | trove
 58716 | Trove    | Entered a treasure trove
 58718 | Trove    | Found the +2 shield of Resistance {rF++ rC++ Will++}
 58718 | Trove    | Found the +3 crown of Dyrovepreva {rElec Int+2 SInv}
 58720 | Trove    | Found the -2 hat of the Alchemist {rElec rPois rF+ rC+ rN+
                  | Will+ rMut rCorr}
 58720 | Trove    | Found the +5 Storm Queen's Shield {shock, Fly rElec}
 58725 | Trove    | Identified the +4 hat "Usos" {Rampage rN+ Str+4}
 58726 | Trove    | Identified the +3 ice dragon scales of the Hills {rF- rC++
                  | Regen+}
 58731 | Trove    | Identified the +0 hat "Lyudghoust" {rPois}
 58745 | Trove    | Identified the +0 kite shield of the Tanner {rPois Str+4}
 58749 | Trove    | Identified the +5 shadow dragon scales "Zugad" {Str+3
                  | Stlth++++}
 58750 | Trove    | Identified the +0 cloak of Hangman {rF+ rC+}
 58844 | Depths:3 | Found Wesics's Distillery.
 58859 | Depths:3 | Bought a potion of magic for 88 gold pieces
 58859 | Depths:3 | Bought a potion of resistance for 110 gold pieces
 58859 | Depths:3 | Bought a potion of magic for 88 gold pieces
 58859 | Depths:3 | Bought a potion of heal wounds for 55 gold pieces
 58859 | Depths:3 | Bought a potion of mutation for 88 gold pieces
 58859 | Depths:3 | Bought a potion of heal wounds for 55 gold pieces
 58915 | Depths:3 | Reached XP level 25. HP: 289/317 MP: 23/23
 58956 | Depths:3 | XOM: give mutations
 58956 | Depths:3 | Lost mutation: You are agile. (Dex +4, Str/Int -1) [Xom's
                  | mischief]
 58956 | Depths:3 | Gained mutation: Your flesh is cold resistant. (rC+) [Xom's
                  | mischief]
 58960 | Depths:3 | Found a corrupted altar of Lugonu.
 59015 | Depths:3 | Found Duhefam's Magic Scroll Emporium.
 59023 | Depths:3 | Bought a scroll of revelation for 120 gold pieces
 59023 | Depths:3 | Bought a scroll of teleportation for 48 gold pieces
 59023 | Depths:3 | Bought a scroll of blinking for 120 gold pieces
 59036 | Depths:3 | Found Cotheace's Armour Emporium.
 59110 | Depths:3 | Found Torer's Assorted Antiques.
 59143 | Depths:3 | Bought a potion of mutation for 288 gold pieces
 59143 | Depths:3 | Bought a scroll of teleportation for 108 gold pieces
 59143 | Depths:3 | Bought a potion of mutation for 288 gold pieces
 59180 | Depths:3 | XOM: polymorph deep troll earth mage -> komodo dragon
 59370 | Depths:3 | Found Santaxoq's Book Emporium.
 59412 | Depths:3 | Found a bloodstained altar of Trog.
 59502 | Depths:3 | XOM: god gift: +2 executioner's axe of chaos
 59509 | Depths:3 | Found a runed translucent door.
 59517 | Depths:3 | XOM: blink monster(s)
 59654 | Depths:3 | Found a runed translucent door.
 59671 | Depths:3 | Noticed a juggernaut
 59810 | Depths:3 | XOM: cast spell 'Malign Gateway'
 59815 | Depths:3 | XOM: summons 7 friendly demons
 59816 | Depths:3 | Killed a juggernaut
 59816 | Depths:3 | XOM: enchant monster (good)
 60025 | Depths:3 | XOM: god gift: 45 gold pieces
 60084 | Depths:3 | XOM: give mutation
 60084 | Depths:3 | Gained mutation: You have sharp toenails. [Xom's grace]
 60288 | Depths:3 | XOM: silly message
 60314 | Depths:4 | Entered Level 4 of the Depths
 60422 | Depths:4 | Noticed Boris
 60431 | Depths:4 | Killed Boris
 60440 | Depths:4 | XOM: confuse monster(s)
 60502 | Depths:4 | XOM: give mutation
 60502 | Depths:4 | Lost mutation: Your skin changes colour to match your
                  | surroundings (Stealth+). [Xom's mischief]
 60638 | Depths:4 | XOM: give mutations
 60638 | Depths:4 | Lost mutation: Your flesh is cold resistant. (rC+) [Xom's
                  | mischief]
 60638 | Depths:4 | Gained mutation: Your magical capacity is low. (-10% MP)
                  | [Xom's mischief]
 60638 | Depths:4 | Lost mutation: You are extremely strong-willed. (Will+++)
                  | [Xom's mischief]
 60638 | Depths:4 | Lost mutation: You have sharp toenails. [Xom's mischief]
 60928 | Depths:4 | Identified the orb "Molahem" {*channel, Harm rPois Slay+3}
 60928 | Depths:4 | Noticed Frederick
 60934 | Depths:4 | Killed Frederick
 61124 | Depths:4 | Found a gate to the Realm of Zot.
 61304 | Zot:1    | Entered Level 1 of the Realm of Zot
 61309 | Zot:1    | XOM: swap monsters
 61314 | Zot:1    | XOM: scenery: create altars
 61319 | Zot:1    | XOM: swap monsters
 61547 | Zot:1    | XOM: give mutations
 61547 | Zot:1    | Gained mutation: Your health recovers twice as slowly from
                  | being drained. [Xom's mischief]
 61547 | Zot:1    | Gained mutation: You have sharp toenails. [Xom's mischief]
 61712 | Zot:1    | Identified the +5 trident of Gup Zeo {protect, Will+ Dex+2}
 61919 | Zot:1    | XOM: draining
 61969 | Zot:1    | XOM: summons 2 friendly demons
 62110 | Zot:1    | XOM: destruction
 62356 | Zot:1    | XOM: 2-stop teleportation journey
 62367 | Zot:1    | XOM: give mutation
 62367 | Zot:1    | Gained mutation: You have an unnaturally thin skeletal
                  | structure. (Dex +6, Stealth+++) [Xom's grace]
 62556 | Zot:1    | XOM: divination: detect items
 62877 | Zot:1    | XOM: scenery: 2 doors close
 62892 | Zot:1    | XOM: god gift: broad axe {god gift}
 63093 | Zot:2    | Reached XP level 26. HP: 326/329 MP: 2/20
 63358 | Zot:2    | XOM: summons 5 hostile demons
 63594 | Zot:2    | XOM: polymorph boulder beetle -> jumping spider
 63818 | Zot:2    | Reached skill level 25 in Fighting
 63846 | Zot:2    | XOM: butterfly on damage
 63848 | Zot:2    | XOM: fake destruction
 64207 | Zot:2    | XOM: divine lightning
 64243 | Zot:2    | XOM: scenery: 3 doors close
 64579 | Zot:2    | XOM: polymorph red draconian -> snapping turtle
 64585 | Zot:2    | XOM: polymorph white draconian stormcaller -> four-headed
                  | hydra
 65110 | Zot:2    | XOM: god gift: 30 gold pieces
 65164 | Zot:3    | XOM: enchant monster (good)
 65179 | Zot:3    | XOM: cleaving
 65203 | Zot:2    | XOM: give mutations
 65203 | Zot:2    | Gained mutation: Your spells are a little harder to cast,
                  | but a little more powerful. [Xom's grace]
 65203 | Zot:2    | Gained mutation: You are very robust. (+20% HP) [Xom's
                  | grace]
 65203 | Zot:2    | Gained mutation: You are agile. (Dex +4, Str/Int -1) [Xom's
                  | grace]
 65341 | Zot:2    | XOM: god gift: long sword {god gift}
 65385 | Zot:3    | XOM: cast spell 'Death Channel'
 65503 | Zot:3    | XOM: god gift: large rock
 65647 | Zot:3    | XOM: noise
 65806 | Zot:3    | Noticed a dread lich
 65810 | Zot:3    | Killed a dread lich
 65817 | Zot:3    | Noticed a dread lich
 65821 | Zot:3    | XOM: cast spell 'Fugue of the Fallen'
 65825 | Zot:3    | XOM: divine lightning
 65831 | Zot:3    | Killed a dread lich
 65832 | Zot:3    | Noticed a dread lich
 65834 | Zot:3    | Killed a dread lich
 65889 | Zot:3    | Got Ecses's More Wizardry
 65928 | Zot:3    | XOM: give mutations
 65928 | Zot:3    | Lost mutation: You are somewhat resistant to further
                  | mutation. [Xom's mischief]
 65928 | Zot:3    | Lost mutation: Your spells are a little harder to cast, but
                  | a little more powerful. [Xom's mischief]
 65928 | Zot:3    | Lost mutation: You are very robust. (+20% HP) [Xom's
                  | mischief]
 66006 | Zot:3    | Reached skill level 15 in Evocations
 66113 | Zot:4    | XOM: cast spell 'Summon Small Mammal'
 66168 | Zot:4    | XOM: cloud trail
 66194 | Zot:4    | XOM: cast spell 'Summon Cactus Giant'
 66213 | Zot:4    | XOM: summons friendly white imp
 66726 | Zot:4    | Reached skill level 15 in Throwing
 66911 | Zot:4    | XOM: summons 9 hostile demons
 66933 | Zot:4    | Reached XP level 27. HP: 271/321 MP: 20/20
 67178 | Zot:4    | XOM: summons 6 hostile demons
 67304 | Zot:4    | XOM: give mutations
 67304 | Zot:4    | Lost mutation: You possess an exceptional clarity of mind.
                  | [Xom's mischief]
 67304 | Zot:4    | Lost mutation: You are highly strong-willed. (Will++)
                  | [Xom's mischief]
 67304 | Zot:4    | Lost mutation: You are strong-willed. (Will+) [Xom's
                  | mischief]
 67304 | Zot:4    | Lost mutation: Your muscles are strong. (Str +4, Int/Dex
                  | -1) [Xom's mischief]
 67443 | Zot:4    | XOM: give mutation
 67443 | Zot:4    | Lost mutation: You are robust. (+10% HP) [Xom's mischief]
 67780 | Zot:5    | Entered Level 5 of the Realm of Zot
 67934 | Zot:5    | XOM: summons 10 hostile demons
 68003 | Zot:5    | XOM: give mutations
 68003 | Zot:5    | Gained mutation: You are partially covered in iridescent
                  | scales. (AC +2) [Xom's mischief]
 68003 | Zot:5    | Lost mutation: You have sharp toenails. [Xom's mischief]
 68003 | Zot:5    | Gained mutation: You have large cloven feet. [Xom's
                  | mischief]
 68003 | Zot:5    | Lost mutation: You have large cloven feet. [Xom's mischief]
 68003 | Zot:5    | Lost mutation: You have an unnaturally thin skeletal
                  | structure. (Dex +6, Stealth+++) [Xom's mischief]
 68034 | Abyss:4  | Found a corrupted altar of Lugonu.
 68034 | Abyss:4  | Cast into level 4 of the Abyss (Xom)
 68170 | Abyss:4  | Found a corrupted altar of Lugonu.
 68176 | Abyss:4  | Found a corrupted altar of Lugonu.
 68188 | Abyss:4  | XOM: confusion (+ monsters)
 68190 | Zot:5    | Escaped the Abyss
 68272 | Zot:5    | XOM: noise
 68395 | Zot:5    | Noticed an orb of fire
 68398 | Zot:5    | XOM: enchant monster (bad)
 68401 | Zot:5    | XOM: confuse monster(s)
 68419 | Zot:5    | Gained mutation: You are weak. (Str -2) [an orb of fire]
 68420 | Zot:5    | Killed an orb of fire
 68430 | Zot:5    | XOM: confuse monster(s)
 68644 | Zot:5    | Reached skill level 26 in Fighting
 68807 | Zot:5    | XOM: cloud trail
 68853 | Zot:5    | XOM: enchant monster (bad)
 69009 | Zot:5    | Noticed an orb of fire
 69012 | Zot:5    | XOM: polymorph Orb Guardian -> iron dragon
 69013 | Zot:5    | XOM: polymorph iron dragon -> shapeshifter
 69021 | Zot:5    | Noticed an orb of fire
 69022 | Zot:5    | Killed an orb of fire
 69028 | Zot:5    | XOM: cast spell 'Iskenderun's Battlesphere'
 69028 | Zot:5    | Gained mutation: Your body sometimes deteriorates upon
                  | taking damage. [an orb of fire]
 69032 | Zot:5    | Noticed an orb of fire
 69032 | Zot:5    | Paralysed by a formless jellyfish for 1 turns
 69037 | Zot:5    | Killed an orb of fire
 69046 | Zot:5    | Noticed an ancient lich
 69046 | Zot:5    | Killed an orb of fire
 69051 | Zot:5    | Noticed a dread lich
 69051 | Zot:5    | Killed an ancient lich
 69051 | Zot:5    | XOM: potion effect (brilliance)
 69052 | Zot:5    | XOM: fog
 69054 | Zot:5    | a Killer Klown changed into a juggernaut
 69054 | Zot:5    | Noticed a juggernaut
 69054 | Zot:5    | XOM: polymorph Killer Klown -> juggernaut
 69059 | Zot:5    | Killed a juggernaut
 69063 | Zot:5    | Killed a dread lich
 69077 | Zot:5    | Noticed an ancient lich
 69077 | Zot:5    | Noticed an ancient lich
 69079 | Zot:5    | XOM: summons 2 friendly demons
 69093 | Zot:5    | Killed an ancient lich
 69098 | Zot:5    | Killed an ancient lich
 69101 | Zot:5    | XOM: summons 4 hostile demons
 69111 | Zot:5    | HP: 12/319 [Killer Klown/klown pie (25)]
 69551 | Zot:5    | XOM: 3-stop teleportation journey
 69556 | Zot:5    | XOM: give mutations
 69556 | Zot:5    | Gained mutation: Your magical capacity is very low. (-20%
                  | MP) [Xom's mischief]
 69556 | Zot:5    | Lost mutation: You are partially covered in iridescent
                  | scales. (AC +2) [Xom's mischief]
 69718 | Zot:5    | XOM: give mutations
 69718 | Zot:5    | Gained mutation: You occasionally lose the ability to read
                  | scrolls when taking damage. [Xom's mischief]
 69718 | Zot:5    | Gained mutation: You are very weak. (Str -4) [Xom's
                  | mischief]
 69888 | Zot:5    | XOM: chaos cloud
 69905 | Zot:4    | Lost mutation: Your health recovers twice as slowly from
                  | being drained. [potion of mutation]
 69905 | Zot:4    | Lost mutation: You occasionally lose the ability to read
                  | scrolls when taking damage. [potion of mutation]
 69905 | Zot:4    | Gained mutation: Your mind is acute. (Int +4, Str/Dex -1)
                  | [potion of mutation]
 69906 | Zot:4    | Lost mutation: You have very sharp teeth. [potion of
                  | mutation]
 69906 | Zot:4    | Lost mutation: Your mind is acute. (Int +4, Str/Dex -1)
                  | [potion of mutation]
 69906 | Zot:4    | Lost mutation: You are agile. (Dex +4, Str/Int -1) [potion
                  | of mutation]
 69906 | Zot:4    | Gained mutation: Your magical capacity is extremely low.
                  | (-30% MP) [potion of mutation]
 69906 | Zot:4    | Lost mutation: You are very weak. (Str -4) [potion of
                  | mutation]
 69907 | Zot:4    | Lost mutation: Your body sometimes deteriorates upon taking
                  | damage. [potion of mutation]
 69907 | Zot:4    | Lost mutation: You have a moderately thin skeletal
                  | structure. (Dex +4, Stealth++) [potion of mutation]
 69907 | Zot:4    | Lost mutation: You are weak. (Str -2) [potion of mutation]
 69907 | Zot:4    | Gained mutation: Your health recovers twice as slowly from
                  | being drained. [potion of mutation]
 69907 | Zot:4    | Gained mutation: You are agile. (Dex +4, Str/Int -1)
                  | [potion of mutation]
 69907 | Zot:4    | Gained mutation: You are very agile. (Dex +8, Str/Int -2)
                  | [potion of mutation]
 69944 | Zot:5    | Identified the +7 war axe "Fedom" {speed, *Slow +Blink rF+
                  | Str+4}
 70001 | Zot:5    | XOM: scenery: create altars
 70445 | Zot:5    | XOM: 3-stop teleportation journey
 70619 | Zot:5    | XOM: enchant monster (good)
 70786 | Zot:5    | Identified the +6 falchion of the Queen {heavy, rPois
                  | Int+4}
 71007 | Zot:5    | Got the Orb of Zot
 71032 | Zot:5    | XOM: fog
 71090 | Zot:5    | XOM: give mutations
 71090 | Zot:5    | Gained mutation: You are resistant to electric shocks.
                  | (rElec) [Xom's grace]
 71090 | Zot:5    | Gained mutation: You are somewhat resistant to further
                  | mutation. [Xom's grace]
 71090 | Zot:5    | Gained mutation: You are partially covered in iridescent
                  | scales. (AC +2) [Xom's grace]
 71254 | Depths:4 | XOM: enchant monster (good)
 71260 | Depths:4 | XOM: silly message
 71311 | Depths:2 | XOM: confuse monster(s)
 71390 | Depths:1 | XOM: scenery: create altars
 71775 | D:$      | Escaped with the Orb!

Illustrated notes

Levels and vault maps discovered:
D:1:      eino_arrival_tree_alley, layout_rooms
D:2:      minmay_alternating_diamond, layout_loops_ring
D:3:      layout_rooms, kennysheep_generic_room_9
D:4:      layout_basic
D:5:      layout_gridville
D:6:      layout_gridville, mainiacjoe_overflow_catch_the_wave, uniq_maggie
D:7:      layout_basic, minmay_temple_entry_purple_smoke, st_stairs_9
D:8:      layout_loops_corners, enter_bailey_3, minivault_4
D:9:      layout_roguey, uniq_gastronok
D:10:     wander_river, layout_long_grid, ebering_ghost_gozag
D:11:     layout_basic, hellmonk_lair_entry_icy, uniq_harold, uniq_snorg,
          uniq_lodul
D:12:     layout_gridville, minmay_orc_entry_temple_small, nrook_uturn,
          nrook_mini_backslash, serial_library_hellmonk_h_bend
D:13:     layout_loops_ring, erik_vaults_2, portal_ice_cave_rime,
          hangedman_cracks_in_the_wall
D:14:     layout_loops_cross, chequers_serial_rivers_micro_e,
          hangedman_devilish_allure
D:15:     grunt_enter_depths_hoard, layout_small_grid, gauntlet_entry_generic,
          hangedman_decor_peaks_small
Temple:   nicolae_temple_slightly_damp_pantheon
Lair:1:   layout_roguey, basic_altar
Lair:2:   layout_cave_pods, minmay_shoals_entry_lonely_mermaid,
          minmay_snake_entry_six_corridors, nicolae_volcano_entry_two_sided
Lair:3:   layout_chaotic_city, minivault_23, nicolae_lair_lindhole, uniq_amaemon
Lair:4:   layout_gridlike, grunt_megastairs_2
Lair:5:   grunt_lair_end_beastmaster, layout_layer_cave, slime_entry_1,
          basic_altar, minmay_hedge_maze, infiniplex_staircase_pool_2,
          uniq_rupert
Shoals:1: layout_shoals, st_sunken_huts, uniq_nikola
Shoals:2: cheibrodos_shoals_baths, layout_shoals, nicolae_shoals_water_shrine,
          uniq_aizul, uniq_ilsuiw
Shoals:3: dreamdust_from_the_deep, layout_shoals, wheals_shoals_ruined_temple
Shoals:4: shoals_end_simple, layout_shoals
Snake:1:  layout_onion_interference, grunt_megastairs_1
Snake:2:  layout_basic, uniq_roxanne
Snake:3:  layout_misc_corridors, serial_shops, bzr_entry_islet, basic_altar
Snake:4:  grunt_snake_rune_pools, layout_misc_corridors, uniq_mlioglotl,
          uniq_saint_roka
Orc:1:    layout_caves
Orc:2:    st_orc_open, layout_caves
Elf:1:    minmay_elf_arrival_summoners, layout_onion_city, serial_shops,
          nicolae_shop_real_fake_doors, hangedman_elf_disciples
Elf:2:    nicolae_elf_blades_splatter_lattice [nicolae_blade_tridents],
          layout_geoelf_octagon
Elf:3:    minmay_elf_hall_hex, layout_loops_corners, serial_shops, shop,
          nicolae_shop_overgrown_old_shop, shop
Vaults:1: hellmonk_ghost_happy_afterlife, grunt_vaults_swirl,
          vaults_dpeg_diagonal, hangedman_vaults_restitches,
          nicolae_vaults_twisting_passages, v_pattern_3,
          nicolae_vaults_yaktaur_gun_rack, nicolae_vaults_trapezoid_1,
          hangedman_vaults_locks, vaults_dpeg_emergency_exit,
          nicolae_vaults_storage_room_water, nicolae_vaults_rhombus_6,
          nicolae_vaults_theta, nicolae_vaults_house_1,
          ontoclasm_vaults_shuriken, nicolae_vaults_octothorpe, v_alt_pattern_1,
          layout_vaults_omnicross, serial_shops, bzr_entry_water
Vaults:2: minmay_crypt_entry_simple_round, nicolae_vaults_cochlea,
          nicolae_vaults_frosty_reception, vaults_room_large_hall,
          nicolae_vaults_security_offices_6, v_alt_pattern_4, vaults_room_grid,
          nicolae_vaults_tetromino_L_1, layout_vaults_omnigrid
Vaults:3: v_rooms_5, nicolae_vaults_octothorpe,
          nicolae_vaults_diagonal_hallway_9, nicolae_vaults_tangram_1,
          v_misc_30, ontoclasm_vaults_eye, nicolae_vaults_border_crossing,
          nicolae_vaults_storage_room_doors, layout_vaults_big_room,
          serial_shops, nicolae_shop_just_a_little_nook, uniq_boris
Vaults:4: gammafunk_ghost_mausoleum, grunt_vaults_diagonal, v_misc_15, v_misc_4,
          vaults_mumra_lcd, vaults_standard_mumra_lines,
          hangedman_vaults_impose, nicolae_vaults_sightless_eye,
          nicolae_vaults_taking_the_gang_shopping, vaults_room_fancy_cross,
          v_misc_24, v_pattern_2, nicolae_vaults_tetromino_L_1,
          nicolae_vaults_storage_room_glass, layout_vaults_maze_snakey
Vaults:5: uniq_jory
Depths:1: layout_cave_pools, hell_entry, grunt_pan_entry_spiral,
          grunt_decor_clamped, nicolae_abyss_entry_one_way_or_another,
          hangedman_blasphemy, uniq_mara, uniq_sojobo, uniq_enchantress
Depths:2: bobbens_index_wilting_gardens, layout_long_grid, grunt_mini_vestibule,
          rand_demon_pan_entry_7, kennysheep_small_spiral, roderic_lattice_a,
          serial_bayou_shore_b, minmay_staircase_statues_hall_small
Depths:3: minmay_expanding_circles, layout_gridlike, enter_ziggurat_d,
          minmay_misc_feat_columns, serial_shops,
          nicolae_shop_just_a_little_nook, shop, nicolae_square_shop, shop,
          abyss_entry_flame_altar, enter_trove_0, hell_entry,
          trog_three_pillars_becter, minmay_shoptagon, infiniplex_staircase_star
Depths:4: grunt_twist_and_shout, layout_honeycomb, hell_entry, uniq_frederick
Zot:1:    layout_gridlike, regret_index_zotdec_ex
Zot:2:    layout_gridlike
Zot:3:    hellmonk_paralyzer, layout_misc_corridors
Zot:4:    layout_concentric_octagons, grunt_ministairs_12
Zot:5:    layout_gridlike

Skill      XL: |  1  2  3  4  5  6  7  8  9 10 11 12 13 14 15 16 17 18 19 20 21 22 23 24 25 26 27 |
---------------+----------------------------------------------------------------------------------+-----
Dodging        | 2 3 4 5 6 7 8 9 10 11 12 13 14 | 14.8
Stealth        | 4 |  4.9
Fighting       | 5 6 7 8 9 10 12 13 14 15 16 18 19 20 21 22 23 24 25 26 | 26.7
Maces & Flails | 3 4 6 7 9 10 11 12 14 16 17 18 19 20 21 22 | 22.0
Evocations     | 1 3 4 5 6 7 8 9 10 12 13 15 16 | 16.2
Armour         | 3 6 8 10 12 13 14 16 17 18 19 20 21 22 23 24 | 24.8
Throwing       | 3 5 7 9 10 11 13 15 17 | 17.4

Action                     |  1- 3 |  4- 6 |  7- 9 | 10-12 | 13-15 | 16-18 | 19-21 | 22-24 | 25-27 || total
---------------------------+-------+-------+-------+-------+-------+-------+-------+-------+-------++-------
  Melee: Flail             |     5 |   143 |   163 |   564 |   312 |    37 |       |       |       ||  1224
         Mace              |     4 |       |       |       |       |       |       |       |       ||     4
         Headbutt          |     1 |    10 |    31 |   126 |   111 |   393 |   228 |   279 |   321 ||  1500
         Punch             |       |       |     1 |     5 |     8 |     9 |       |       |       ||    23
         Demon whip        |       |       |       |       |   165 |   738 |       |       |       ||   903
         Giant spiked club |       |       |       |       |       |   607 |   913 |   936 |   927 ||  3383
         Bite              |       |       |       |       |       |       |       |   117 |   165 ||   282
         Kick              |       |       |       |       |       |       |       |       |   211 ||   211
  Throw: Large rock        |       |       |       |       |       |       |     5 |    51 |   272 ||   328
Ability: Evoke Invisibilit |       |       |       |       |       |       |       |       |     1 ||     1
  Evoke: Wand              |       |       |     2 |    11 |     1 |     6 |    17 |     5 |    28 ||    70
         Sack of spiders   |       |       |       |     2 |     1 |     1 |       |     2 |       ||     6
         Lightning rod     |       |       |       |       |     2 |     7 |       |       |       ||     9
         Phial of floods   |       |       |       |       |       |       |     1 |       |       ||     1
         Tin of tremorston |       |       |       |       |       |       |     2 |       |       ||     2
         Phantom mirror    |       |       |       |       |       |       |       |       |     1 ||     1
    Use: Potion            |     3 |     1 |     1 |     4 |     9 |    10 |    11 |    12 |    24 ||    75
         Scroll            |     2 |       |     4 |    14 |     1 |    13 |    13 |    15 |    13 ||    75
   Stab: Sleeping          |       |    11 |     7 |     2 |       |     2 |     1 |       |       ||    23
         Paralysed         |       |       |       |     5 |     1 |       |     1 |       |       ||     7
         Confused          |       |       |       |     1 |     4 |    11 |     2 |     2 |     3 ||    23
         Betrayed ally     |       |       |       |       |     1 |     1 |       |       |       ||     2
         Petrified         |       |       |       |       |     8 |    15 |       |       |     2 ||    25
         Petrifying        |       |       |       |       |     2 |       |       |       |       ||     2
         Invisible         |       |       |       |       |       |     4 |       |       |     4 ||     8
         Distracted        |       |       |       |       |       |       |    10 |    18 |    27 ||    55
 Armour: Robe              |     7 |   111 |    80 |       |       |       |       |       |       ||   198
         Skin              |     3 |       |       |       |       |       |       |    15 |       ||    18
         Swamp dragon scal |       |       |    52 |   149 |       |       |       |       |       ||   201
         Gold dragon scale |       |       |       |   596 |   525 |  1514 |  1291 |  1010 |   799 ||  5735
  Dodge: Dodged            |     6 |    66 |    97 |   225 |   200 |   664 |   660 |   520 |   482 ||  2920

Table legend: (Time is in decaauts)
 A = Elapsed time spent in this place.
 B = Non-inter-level travel time spent in this place.
 C = Inter-level travel time spent in this place.
 D = Time resting spent in this place.
 E = Time spent auto-exploring this place.
 F = Levels seen in this place.
 G = Mean time per level.
                   A        B        C        D        E       F      G
               +--------+--------+--------+--------+--------+-----+--------+
         Total |  70769 |  66859 |   3910 |  15145 |  39279 |  56 | 1263.7 |
       Dungeon |  15675 |  14191 |   1484 |   1965 |   9359 |  15 | 1045.0 |
        Temple |     42 |     21 |     21 |      0 |      0 |   1 |   42.0 |
          Lair |   7392 |   6779 |    613 |   1159 |   4390 |   5 | 1478.4 |
        Shoals |   4744 |   4596 |    148 |    870 |   2819 |   4 | 1186.0 |
     Snake Pit |   5014 |   4854 |    160 |    930 |   2942 |   4 | 1253.5 |
  Orcish Mines |   1647 |   1518 |    129 |    124 |   1093 |   2 |  823.5 |
   Elven Halls |   5108 |   4945 |    163 |   1279 |   2934 |   3 | 1702.7 |
        Vaults |  11409 |  11028 |    381 |   3116 |   6102 |   5 | 2281.8 |
        Depths |   7172 |   6694 |    478 |   1572 |   4120 |   4 | 1793.0 |
           Zot |   9562 |   9235 |    327 |   3514 |   4270 |   5 | 1912.4 |
         Abyss |    139 |    139 |      0 |      0 |     11 |   1 |  139.0 |
        Bazaar |    559 |    559 |      0 |    358 |    127 |   2 |  279.5 |
         Trove |     80 |     80 |      0 |      0 |      2 |   1 |   80.0 |
        Bailey |    577 |    577 |      0 |    164 |    176 |   1 |  577.0 |
      Ice Cave |    716 |    716 |      0 |      0 |    514 |   1 |  716.0 |
       Volcano |    516 |    516 |      0 |     25 |    264 |   1 |  516.0 |
      Gauntlet |    411 |    411 |      0 |     68 |    155 |   1 |  411.0 |
               +--------+--------+--------+--------+--------+-----+--------+

Top non-repeatable levels by time:
Vaults:4: 3585 daAuts
   Elf:3: 3028 daAuts
   Zot:5: 2591 daAuts
Vaults:5: 2584 daAuts
Depths:2: 2384 daAuts
   Zot:4: 2131 daAuts
   Zot:2: 2097 daAuts
  Lair:2: 2018 daAuts
Vaults:1: 1975 daAuts
   Zot:1: 1938 daAuts
Depths:3: 1926 daAuts
  Lair:5: 1926 daAuts
Depths:1: 1833 daAuts
Vaults:2: 1823 daAuts
 Snake:4: 1733 daAuts
